Workbook

Sheet Instruksjoner
A11: Instruksjoner
A12: "NB! Regnearket er låst for redigering bortsett fra cellene som skal fylles ut. Det er viktig at dere ikke endrer oppsettet av malen. Ikke flytt eller klipp ut celler, rader eller kolonner. Hvis dere trenger å kopiere informasjon fra en celle til annen, bruk ""kopier"" (ctrl+c) /ikke ""klipp ut"" - ctrl+x/ og ""lim inn"" (ctrl+v)." Last ned din lokale kopi av skjemaet for utfylling.
A47: Spesielt for kreditnota (lengst til høyre i malen):
A49: På en kreditnota skal Beløp registreres med minus som fortegn: | G49: Feltet "Utlignes mot faktura" fylles kun inn dersom salgsordren er en kreditnota som skal utlignes automatisk mot et bestemt
G50: fakturanummer. Feltet fylles kun ut én gang per faktura (samme logikk som på Deres referanse og bestillingsnr):

Sheet Mal
A1: Salgsordre
A2: Klikk her for instruksjoner | E2: Dato: | F2: =NOW() -> 45684.564 | G2: Topptekst (max 90 tegn):
A3: Nummertype: | C3: FA | E3: Firma: | F3: UL | G3: Bunntekst (max 65 tegn):
H4: Periodiseringsnøkkel:
A5: Vår referanse: | C5: legg inn Unit4 brukernavn
A6: Selger: | C6: legg inn Unit4 brukernavn
T7: For kreditnotaer: Utlignes mot fakturanr:
A8: Nr: | B8: Kundenr: | C8: Artikkel: | D8: Antall: | E8: Pris : | F8: Beløp | G8: Deres ref. | H8: Bestillingsnr. | I8: Tilleggstekst/beskrivelse (maks 50 tegn) | J8: Artikkelbeskrivelse (maks 100 tegn) | K8: Konto | L8: Koststed | M8: Prosjekt | N8: Dim3 | O8: Finansiering | P8: AV kode | Q8: Delprosjekt | R8: Ansattnr | S8: Byggnr/arb.pakke
A9: 1 | F9: =IF(E9="","",D9*E9)
A10: =IF(B10="",IF(C10="",IF(I10="","",A9),A9),A9+1) | F10: =IF(E10="","",D10*E10)
A11: =IF(B11="",IF(C11="",IF(I11="","",A10),A10),A10+1) | F11: =IF(E11="","",D11*E11)
A12: =IF(B12="",IF(C12="",IF(I12="","",A11),A11),A11+1) | F12: =IF(E12="","",D12*E12)
A13: =IF(B13="",IF(C13="",IF(I13="","",A12),A12),A12+1) | F13: =IF(E13="","",D13*E13)
A14: =IF(B14="",IF(C14="",IF(I14="","",A13),A13),A13+1) | F14: =IF(E14="","",D14*E14)
A15: =IF(B15="",IF(C15="",IF(I15="","",A14),A14),A14+1) | F15: =IF(E15="","",D15*E15)
A16: =IF(B16="",IF(C16="",IF(I16="","",A15),A15),A15+1) | F16: =IF(E16="","",D16*E16)
A17: =IF(B17="",IF(C17="",IF(I17="","",A16),A16),A16+1) | F17: =IF(E17="","",D17*E17)
A18: =IF(B18="",IF(C18="",IF(I18="","",A17),A17),A17+1) | F18: =IF(E18="","",D18*E18)
A19: =IF(B19="",IF(C19="",IF(I19="","",A18),A18),A18+1) | F19: =IF(E19="","",D19*E19)
A20: =IF(B20="",IF(C20="",IF(I20="","",A19),A19),A19+1) | F20: =IF(E20="","",D20*E20)
A21: =IF(B21="",IF(C21="",IF(I21="","",A20),A20),A20+1) | F21: =IF(E21="","",D21*E21)
... A431: =IF(B431="",IF(C431="",IF(I431="","",A430),A430),A430+1) | F431: =IF(E431="","",D431*E431)

Sheet Sales Orders
A1: type | B1: lg04_55 | C1: Agresso Format 55
A2: filename | B2: =C3&C25 -> I:\AgrUH01\Import\ordre 27.01.2025 13.31
B3: Mappesti: | C3: I:\AgrUH01\Import\
B4: Filnavn: | C4: ="ordre"&" "&TEXT(Mal!F2,"dd.mm.åååå tt.mm")&Mal!C2 -> ordre 27.01.2025 13.31
A6: default | B6: account
A7: default | B7: accountable
A8: default | B8: address
A9: default | B9: allocation_key | C9: =Mal!I4 -> 0
A10: default | B10: amount
A11: default | B11: amount_set
A12: default | B12: apar_id
A13: default | B13: apar_id_ref
A14: default | B14: apar_name
A15: default | B15: art_descr
A16: default | B16: article
A17: default | B17: att_1_id
A18: default | B18: att_1_id
A19: default | B19: att_3_id
A20: default | B20: att_4_id
A21: default | B21: att_5_id
... A24: default | B24: bank_account
A25: default | B25: batch_id | C25: =C4 -> ordre 27.01.2025 13.31
A26: default | B26: client | C26: =Mal!F3 -> UL | E26: Teller | F26: =C25 -> ordre 27.01.2025 13.31
A27: default | B27: client_ref
A28: default | B28: confirm_date
A29: default | B29: control
A30: default | B30: cur_amount
A31: default | B31: currency
A32: default | B32: det_met_descr
A33: default | B33: del_term_descr
A34: default | B34: deliv_addr
A35: default | B35: deliv_attention
A36: default | B36: deliv_countr
A37: default | B37: deliv_date
A38: default | B38: deliv_method
... A61: default | B61: location
A62: default | B62: long_info1 | C62: =IF(Mal!I2="","",Mal!I2)
A63: default | B63: long_info2 | C63: =IF(Mal!I3="","",Mal!I3)
A64: default | B64: lot
A65: default | B65: main_apar_id
A66: default | B66: mark_attention
A67: default | B67: mark_ctry_cd
A68: default | B68: markings
A69: default | B69: obs_date
A70: default | B70: order_date
A71: default | B71: order_id
A72: default | B72: order_type | C72: FA | D72: ! Sjekk om voucher_type (nummertype) = order_type (ordretype) i UBW!
A73: default | B73: pay_method
A74: default | B74: pay_temp_id
A75: default | B75: period
A76: default | B76: place
A77: default | B77: province
A78: default | B78: rel_value
A79: default | B79: responsible
A80: default | B80: responsible2
A81: default | B81: sequence_no
A82: default | B82: sequence_ref
A83: default | B83: serial_no
A84: default | B84: short_info
A85: default | B85: status | C85: N
A86: default | B86: sup_article
A87: default | B87: tax_code
A88: default | B88: tax_system
A89: default | B89: template_id
A90: default | B90: terms_id
A91: default | B91: text1
A92: default | B92: text2
A93: default | B93: text3
A94: default | B94: text4
A95: default | B95: trans_type | C95: 42
A96: default | B96: unit_code
A97: default | B97: unit_descr
A98: default | B98: unit_price
A99: default | B99: value_1
A100: default | B100: voucher_ref
A101: default | B101: voucher_type | C101: =Mal!C3 -> FA | D101: ! Sjekk om voucher_type (nummertype) = order_type (ordretype) i UBW!
A102: default | B102: warehouse
A103: default | B103: zip_code
B106: Antall | C106: Valutabeløp | D106: Beløp | E106: Kundenummer | F106: Artikkel | G106: Posisjon | H106: Ordreid | I106: Att.ansvarlig | J106: Bestiller | K106: Ekstern ref | L106: Selger | M106: Konto | N106: Koststed | O106: Satsninger | P106: Formål | Q106: Kappost: | R106: AV kode | S106: Dim5 | T106: Dim6 | U106: Dim7 | W106: Text | X106: Artikkelbeskrivelse | Y106: Utlignes mot: | Z106: Pris fra UBW (1), Excel (0)
A107: columns | B107: value_1 | C107: cur_amount | D107: amount | E107: apar_id | F107: article | G107: line_no | H107: order_id | I107: responsible | J107: accountable | K107: ext_ord_ref | L107: responsible2 | M107: account | N107: dim_1 | O107: dim_2 | P107: dim_3 | Q107: dim_4 | R107: tax_code | S107: dim_5 | T107: dim_6 | U107: dim_7 | V107: sequence_no | W107: short_info | X107: art_descr | Y107: text1 | Z107: amount_set
A108: =IFERROR(IF(VLOOKUP(H108,Mal!$A$9:$A$431,1,0),"","END"),"END") | B108: ="" | C108: ="" | D108: ="" | E108: =IF(AND(E107="",$H108=$H107),"",IF(VLOOKUP($H108,Mal!$A$9:$B$431,2,0)='Sales Orders'!E107,"",VLOOKUP($H108,Mal!$A$9:$B$431,2,0))) -> 0 | F108: ="" | G108: 0 | H108: 1 | I108: =IF(E108="","",IF(Mal!$C$5="","",Mal!$C$5)) -> legg inn Unit4 brukernavn | J108: =IF(VLOOKUP($H108,Mal!$A$9:$H$431,7,0)="","",VLOOKUP($H108,Mal!$A$9:$H$431,7,0)) | K108: =IF(VLOOKUP($H108,Mal!$A$9:$H$431,8,0)="","",VLOOKUP($H108,Mal!$A$9:$H$431,8,0)) | L108: =IF(E108="","",IF(Mal!$C$6="","",Mal!$C$6)) -> legg inn Unit4 brukernavn | M108: ="" | N108: ="" | O108: ="" | P108: ="" | Q108: ="" | R108: ="" | S108: ="" | T108: ="" | U108: ="" | V108: =IF(E108="",IF(F108="",IF(F107="",V107+1,1),""),"") | W108: =IF(IF(AND(E108="",F108=""),INDEX(Mal!I$9:I$431,((COUNT($H107:$H$108))-($H107-1))/2,0),"")="","",IF(AND(E108="",F108=""),INDEX(Mal!I$9:I$431,((COUNT($H107:$H$108))-($H107-1))/2,0),"")) | X108: =IF(IF(F108="","",INDEX(Mal!J$9:J$431,((COUNT($H$108:$H108))-($H108-1))/2,0))="","",IF(F108="","",INDEX(Mal!J$9:J$431,((COUNT($H$108:$H108))-($H108-1))/2,0))) | Y108: =IF(VLOOKUP($H108,Mal!$A$9:$T$431,20,0)="","",VLOOKUP($H108,Mal!$A$9:$T$431,20,0)) | Z108: =IF(F108="","",IF(D108="",0,1))
A109: =IFERROR(IF(VLOOKUP(H109,Mal!$A$9:$A$431,1,0),"","END"),"END") -> END | B109: =IF($E109="",IF(INDEX(Mal!$D$9:$D$431,COUNTIF($E$108:$F108,"")-COUNT($H$108:$H108)+1,0)=B108,"",INDEX(Mal!$D$9:$D$431,COUNTIF($E$108:$F108,"")-COUNT($H$108:$H108)+1,0)),"") -> #N/A | C109: =D109 -> #N/A | D109: =IF($E109="",IF(INDEX(Mal!$F$9:$F$431,COUNTIF($E$108:$F108,"")-COUNT($H$108:$H108)+1,0)=D108,"",INDEX(Mal!$F$9:$F$431,COUNTIF($E$108:$F108,"")-COUNT($H$108:$H108)+1,0)),"") -> #N/A | E109: =IF(AND(E108="",$H109=$H108),"",IF(VLOOKUP(H109,Mal!$A$9:$B$431,2,0)='Sales Orders'!E108,"",VLOOKUP($H109,Mal!$A$9:$B$431,2,0))) -> #N/A | F109: =IF($E109="",IF(INDEX(Mal!$C$9:$C$431,COUNTIF($E$108:$F108,"")-COUNT($H$108:$H108)+1,0)=F108,"",INDEX(Mal!$C$9:$C$431,COUNTIF($E$108:$F108,"")-COUNT($H$108:$H108)+1,0)),"") -> #N/A | G109: =IF(H109=H108,IF(F109="",G108,G108+1),0) -> 0 | H109: =IF(COUNTIF(Mal!$A$9:$A$431,'Sales Orders'!H108)+COUNTIFS(Mal!$A$9:$A$431,H108,Mal!$B$9:$B$431,"<>")+COUNTIFS(Mal!$A$9:$A$431,H108,Mal!$C$9:$C$431,"<>")=COUNTIF('Sales Orders'!$H$108:H108,'Sales Orders'!H108),'Sales Orders'!H108+1,'Sales Orders'!H108) -> 2 | I109: =IF(E109="","",IF(Mal!$C$5="","",Mal!$C$5)) -> #N/A | J109: =IF(AND(J108="",$H109=$H108),"",IF(VLOOKUP($H109,Mal!$A$9:$H$431,7,0)='Sales Orders'!J108,"",VLOOKUP($H109,Mal!$A$9:$H$431,7,0))) -> #N/A | K109: =IF(AND(K108="",$H109=$H108),"",IF(VLOOKUP($H109,Mal!$A$9:$H$431,8,0)='Sales Orders'!K108,"",VLOOKUP($H109,Mal!$A$9:$H$431,8,0))) -> #N/A | L109: =IF(E109="","",IF(Mal!$C$6="","",Mal!$C$6)) -> #N/A | M109: =IF($E109="",IF(INDEX(Mal!K$9:K$431,COUNTIF($E$108:$F108,"")-COUNT($H$108:$H108)+1,0)=M108,"",INDEX(Mal!K$9:K$431,COUNTIF($E$108:$F108,"")-COUNT($H$108:$H108)+1,0)),"") -> #N/A | N109: =IF($E109="",IF(INDEX(Mal!L$9:L$431,COUNTIF($E$108:$F108,"")-COUNT($H$108:$H108)+1,0)=N108,"",INDEX(Mal!L$9:L$431,COUNTIF($E$108:$F108,"")-COUNT($H$108:$H108)+1,0)),"") -> #N/A | O109: =IF($E109="",IF(INDEX(Mal!M$9:M$431,COUNTIF($E$108:$F108,"")-COUNT($H$108:$H108)+1,0)=O108,"",INDEX(Mal!M$9:M$431,COUNTIF($E$108:$F108,"")-COUNT($H$108:$H108)+1,0)),"") -> #N/A | P109: =IF($E109="",IF(INDEX(Mal!N$9:N$431,COUNTIF($E$108:$F108,"")-COUNT($H$108:$H108)+1,0)=P108,"",INDEX(Mal!N$9:N$431,COUNTIF($E$108:$F108,"")-COUNT($H$108:$H108)+1,0)),"") -> #N/A | Q109: =IF($E109="",IF(INDEX(Mal!O$9:O$431,COUNTIF($E$108:$F108,"")-COUNT($H$108:$H108)+1,0)=Q108,"",INDEX(Mal!O$9:O$431,COUNTIF($E$108:$F108,"")-COUNT($H$108:$H108)+1,0)),"") -> #N/A | R109: =IF($E109="",IF(INDEX(Mal!P$9:P$431,COUNTIF($E$108:$F108,"")-COUNT($H$108:$H108)+1,0)=R108,"",INDEX(Mal!P$9:P$431,COUNTIF($E$108:$F108,"")-COUNT($H$108:$H108)+1,0)),"") -> #N/A | S109: =IF($E109="",IF(INDEX(Mal!Q$9:Q$431,COUNTIF($E$108:$F108,"")-COUNT($H$108:$H108)+1,0)=S108,"",INDEX(Mal!Q$9:Q$431,COUNTIF($E$108:$F108,"")-COUNT($H$108:$H108)+1,0)),"") -> #N/A | T109: =IF($E109="",IF(INDEX(Mal!R$9:R$431,COUNTIF($E$108:$F108,"")-COUNT($H$108:$H108)+1,0)=T108,"",INDEX(Mal!R$9:R$431,COUNTIF($E$108:$F108,"")-COUNT($H$108:$H108)+1,0)),"") -> #N/A | U109: =IF($E109="",IF(INDEX(Mal!S$9:S$431,COUNTIF($E$108:$F108,"")-COUNT($H$108:$H108)+1,0)=U108,"",INDEX(Mal!S$9:S$431,COUNTIF($E$108:$F108,"")-COUNT($H$108:$H108)+1,0)),"") -> #N/A | V109: =IF(E109="",IF(F109="",IF(F108="",V108+1,1),""),"") -> #N/A | W109: =IF(IF(AND(E109="",F109=""),INDEX(Mal!I$9:I$431,((COUNT($H$108:$H108))-($H108-1))/2,0),"")="","",IF(AND(E109="",F109=""),INDEX(Mal!I$9:I$431,((COUNT($H$108:$H108))-($H108-1))/2,0),"")) -> #N/A | X109: =IF($E109="",IF(INDEX(Mal!J$9:J$431,COUNTIF($E$108:$F108,"")-COUNT($H$108:$H108)+1,0)=X108,"",INDEX(Mal!J$9:J$431,COUNTIF($E$108:$F108,"")-COUNT($H$108:$H108)+1,0)),"") -> #N/A | Y109: =IF(AND(Y108="",$H109=$H108),"",IF(VLOOKUP($H109,Mal!$A$9:$T$431,20,0)='Sales Orders'!Y108,"",VLOOKUP($H109,Mal!$A$9:$T$431,20,0))) -> #N/A | Z109: =IF(F109="","",IF(D109="",0,1)) -> #N/A
A110: =IFERROR(IF(VLOOKUP(H110,Mal!$A$9:$A$431,1,0),"","END"),"END") -> END | B110: =IF($E110="",IF(INDEX(Mal!$D$9:$D$431,COUNTIF($E$108:$F109,"")-COUNT($H$108:$H109)+1,0)=B109,"",INDEX(Mal!$D$9:$D$431,COUNTIF($E$108:$F109,"")-COUNT($H$108:$H109)+1,0)),"") -> #N/A | C110: =D110 -> #N/A | D110: =IF($E110="",IF(INDEX(Mal!$F$9:$F$431,COUNTIF($E$108:$F109,"")-COUNT($H$108:$H109)+1,0)=D109,"",INDEX(Mal!$F$9:$F$431,COUNTIF($E$108:$F109,"")-COUNT($H$108:$H109)+1,0)),"") -> #N/A | E110: =IF(AND(E109="",$H110=$H109),"",IF(VLOOKUP(H110,Mal!$A$9:$B$431,2,0)='Sales Orders'!E109,"",VLOOKUP($H110,Mal!$A$9:$B$431,2,0))) -> #N/A | F110: =IF($E110="",IF(INDEX(Mal!$C$9:$C$431,COUNTIF($E$108:$F109,"")-COUNT($H$108:$H109)+1,0)=F109,"",INDEX(Mal!$C$9:$C$431,COUNTIF($E$108:$F109,"")-COUNT($H$108:$H109)+1,0)),"") -> #N/A | G110: =IF(H110=H109,IF(F110="",G109,G109+1),0) -> #N/A | H110: =IF(COUNTIF(Mal!$A$9:$A$431,'Sales Orders'!H109)+COUNTIFS(Mal!$A$9:$A$431,H109,Mal!$B$9:$B$431,"<>")+COUNTIFS(Mal!$A$9:$A$431,H109,Mal!$C$9:$C$431,"<>")=COUNTIF('Sales Orders'!$H$108:H109,'Sales Orders'!H109),'Sales Orders'!H109+1,'Sales Orders'!H109) -> 2 | I110: =IF(E110="","",IF(Mal!$C$5="","",Mal!$C$5)) -> #N/A | J110: =IF(AND(J109="",$H110=$H109),"",IF(VLOOKUP($H110,Mal!$A$9:$H$431,7,0)='Sales Orders'!J109,"",VLOOKUP($H110,Mal!$A$9:$H$431,7,0))) -> #N/A | K110: =IF(AND(K109="",$H110=$H109),"",IF(VLOOKUP($H110,Mal!$A$9:$H$431,8,0)='Sales Orders'!K109,"",VLOOKUP($H110,Mal!$A$9:$H$431,8,0))) -> #N/A | L110: =IF(E110="","",IF(Mal!$C$6="","",Mal!$C$6)) -> #N/A | M110: =IF($E110="",IF(INDEX(Mal!K$9:K$431,COUNTIF($E$108:$F109,"")-COUNT($H$108:$H109)+1,0)=M109,"",INDEX(Mal!K$9:K$431,COUNTIF($E$108:$F109,"")-COUNT($H$108:$H109)+1,0)),"") -> #N/A | N110: =IF($E110="",IF(INDEX(Mal!L$9:L$431,COUNTIF($E$108:$F109,"")-COUNT($H$108:$H109)+1,0)=N109,"",INDEX(Mal!L$9:L$431,COUNTIF($E$108:$F109,"")-COUNT($H$108:$H109)+1,0)),"") -> #N/A | O110: =IF($E110="",IF(INDEX(Mal!M$9:M$431,COUNTIF($E$108:$F109,"")-COUNT($H$108:$H109)+1,0)=O109,"",INDEX(Mal!M$9:M$431,COUNTIF($E$108:$F109,"")-COUNT($H$108:$H109)+1,0)),"") -> #N/A | P110: =IF($E110="",IF(INDEX(Mal!N$9:N$431,COUNTIF($E$108:$F109,"")-COUNT($H$108:$H109)+1,0)=P109,"",INDEX(Mal!N$9:N$431,COUNTIF($E$108:$F109,"")-COUNT($H$108:$H109)+1,0)),"") -> #N/A | Q110: =IF($E110="",IF(INDEX(Mal!O$9:O$431,COUNTIF($E$108:$F109,"")-COUNT($H$108:$H109)+1,0)=Q109,"",INDEX(Mal!O$9:O$431,COUNTIF($E$108:$F109,"")-COUNT($H$108:$H109)+1,0)),"") -> #N/A | R110: =IF($E110="",IF(INDEX(Mal!P$9:P$431,COUNTIF($E$108:$F109,"")-COUNT($H$108:$H109)+1,0)=R109,"",INDEX(Mal!P$9:P$431,COUNTIF($E$108:$F109,"")-COUNT($H$108:$H109)+1,0)),"") -> #N/A | S110: =IF($E110="",IF(INDEX(Mal!Q$9:Q$431,COUNTIF($E$108:$F109,"")-COUNT($H$108:$H109)+1,0)=S109,"",INDEX(Mal!Q$9:Q$431,COUNTIF($E$108:$F109,"")-COUNT($H$108:$H109)+1,0)),"") -> #N/A | T110: =IF($E110="",IF(INDEX(Mal!R$9:R$431,COUNTIF($E$108:$F109,"")-COUNT($H$108:$H109)+1,0)=T109,"",INDEX(Mal!R$9:R$431,COUNTIF($E$108:$F109,"")-COUNT($H$108:$H109)+1,0)),"") -> #N/A | U110: =IF($E110="",IF(INDEX(Mal!S$9:S$431,COUNTIF($E$108:$F109,"")-COUNT($H$108:$H109)+1,0)=U109,"",INDEX(Mal!S$9:S$431,COUNTIF($E$108:$F109,"")-COUNT($H$108:$H109)+1,0)),"") -> #N/A | V110: =IF(E110="",IF(F110="",IF(F109="",V109+1,1),""),"") -> #N/A | W110: =IF(IF(AND(E110="",F110=""),INDEX(Mal!I$9:I$431,(COUNT($H$108:$H110)-COUNTIF($V$108:$V110,"")),0),"")="","",IF(AND(E110="",F110=""),INDEX(Mal!I$9:I$431,(COUNT($H$108:$H110)-COUNTIF($V$108:$V110,"")),0),"")) -> #N/A | X110: =IF($E110="",IF(INDEX(Mal!J$9:J$431,COUNTIF($E$108:$F109,"")-COUNT($H$108:$H109)+1,0)=X109,"",INDEX(Mal!J$9:J$431,COUNTIF($E$108:$F109,"")-COUNT($H$108:$H109)+1,0)),"") -> #N/A | Y110: =IF(AND(Y109="",$H110=$H109),"",IF(VLOOKUP($H110,Mal!$A$9:$T$431,20,0)='Sales Orders'!Y109,"",VLOOKUP($H110,Mal!$A$9:$T$431,20,0))) -> #N/A | Z110: =IF(F110="","",IF(D110="",0,1)) -> #N/A
A111: =IFERROR(IF(VLOOKUP(H111,Mal!$A$9:$A$431,1,0),"","END"),"END") -> END | B111: =IF($E111="",IF(INDEX(Mal!$D$9:$D$431,COUNTIF($E$108:$F110,"")-COUNT($H$108:$H110)+1,0)=B110,"",INDEX(Mal!$D$9:$D$431,COUNTIF($E$108:$F110,"")-COUNT($H$108:$H110)+1,0)),"") -> #N/A | C111: =D111 -> #N/A | D111: =IF($E111="",IF(INDEX(Mal!$F$9:$F$431,COUNTIF($E$108:$F110,"")-COUNT($H$108:$H110)+1,0)=D110,"",INDEX(Mal!$F$9:$F$431,COUNTIF($E$108:$F110,"")-COUNT($H$108:$H110)+1,0)),"") -> #N/A | E111: =IF(AND(E110="",$H111=$H110),"",IF(VLOOKUP(H111,Mal!$A$9:$B$431,2,0)='Sales Orders'!E110,"",VLOOKUP($H111,Mal!$A$9:$B$431,2,0))) -> #N/A | F111: =IF($E111="",IF(INDEX(Mal!$C$9:$C$431,COUNTIF($E$108:$F110,"")-COUNT($H$108:$H110)+1,0)=F110,"",INDEX(Mal!$C$9:$C$431,COUNTIF($E$108:$F110,"")-COUNT($H$108:$H110)+1,0)),"") -> #N/A | G111: =IF(H111=H110,IF(F111="",G110,G110+1),0) -> #N/A | H111: =IF(COUNTIF(Mal!$A$9:$A$431,'Sales Orders'!H110)+COUNTIFS(Mal!$A$9:$A$431,H110,Mal!$B$9:$B$431,"<>")+COUNTIFS(Mal!$A$9:$A$431,H110,Mal!$C$9:$C$431,"<>")=COUNTIF('Sales Orders'!$H$108:H110,'Sales Orders'!H110),'Sales Orders'!H110+1,'Sales Orders'!H110) -> 2 | I111: =IF(E111="","",IF(Mal!$C$5="","",Mal!$C$5)) -> #N/A | J111: =IF(AND(J110="",$H111=$H110),"",IF(VLOOKUP($H111,Mal!$A$9:$H$431,7,0)='Sales Orders'!J110,"",VLOOKUP($H111,Mal!$A$9:$H$431,7,0))) -> #N/A | K111: =IF(AND(K110="",$H111=$H110),"",IF(VLOOKUP($H111,Mal!$A$9:$H$431,8,0)='Sales Orders'!K110,"",VLOOKUP($H111,Mal!$A$9:$H$431,8,0))) -> #N/A | L111: =IF(E111="","",IF(Mal!$C$6="","",Mal!$C$6)) -> #N/A | M111: =IF($E111="",IF(INDEX(Mal!K$9:K$431,COUNTIF($E$108:$F110,"")-COUNT($H$108:$H110)+1,0)=M110,"",INDEX(Mal!K$9:K$431,COUNTIF($E$108:$F110,"")-COUNT($H$108:$H110)+1,0)),"") -> #N/A | N111: =IF($E111="",IF(INDEX(Mal!L$9:L$431,COUNTIF($E$108:$F110,"")-COUNT($H$108:$H110)+1,0)=N110,"",INDEX(Mal!L$9:L$431,COUNTIF($E$108:$F110,"")-COUNT($H$108:$H110)+1,0)),"") -> #N/A | O111: =IF($E111="",IF(INDEX(Mal!M$9:M$431,COUNTIF($E$108:$F110,"")-COUNT($H$108:$H110)+1,0)=O110,"",INDEX(Mal!M$9:M$431,COUNTIF($E$108:$F110,"")-COUNT($H$108:$H110)+1,0)),"") -> #N/A | P111: =IF($E111="",IF(INDEX(Mal!N$9:N$431,COUNTIF($E$108:$F110,"")-COUNT($H$108:$H110)+1,0)=P110,"",INDEX(Mal!N$9:N$431,COUNTIF($E$108:$F110,"")-COUNT($H$108:$H110)+1,0)),"") -> #N/A | Q111: =IF($E111="",IF(INDEX(Mal!O$9:O$431,COUNTIF($E$108:$F110,"")-COUNT($H$108:$H110)+1,0)=Q110,"",INDEX(Mal!O$9:O$431,COUNTIF($E$108:$F110,"")-COUNT($H$108:$H110)+1,0)),"") -> #N/A | R111: =IF($E111="",IF(INDEX(Mal!P$9:P$431,COUNTIF($E$108:$F110,"")-COUNT($H$108:$H110)+1,0)=R110,"",INDEX(Mal!P$9:P$431,COUNTIF($E$108:$F110,"")-COUNT($H$108:$H110)+1,0)),"") -> #N/A | S111: =IF($E111="",IF(INDEX(Mal!Q$9:Q$431,COUNTIF($E$108:$F110,"")-COUNT($H$108:$H110)+1,0)=S110,"",INDEX(Mal!Q$9:Q$431,COUNTIF($E$108:$F110,"")-COUNT($H$108:$H110)+1,0)),"") -> #N/A | T111: =IF($E111="",IF(INDEX(Mal!R$9:R$431,COUNTIF($E$108:$F110,"")-COUNT($H$108:$H110)+1,0)=T110,"",INDEX(Mal!R$9:R$431,COUNTIF($E$108:$F110,"")-COUNT($H$108:$H110)+1,0)),"") -> #N/A | U111: =IF($E111="",IF(INDEX(Mal!S$9:S$431,COUNTIF($E$108:$F110,"")-COUNT($H$108:$H110)+1,0)=U110,"",INDEX(Mal!S$9:S$431,COUNTIF($E$108:$F110,"")-COUNT($H$108:$H110)+1,0)),"") -> #N/A | V111: =IF(E111="",IF(F111="",IF(F110="",V110+1,1),""),"") -> #N/A | W111: =IF(IF(AND(E111="",F111=""),INDEX(Mal!I$9:I$431,(COUNT($H$108:$H111)-COUNTIF($V$108:$V111,"")),0),"")="","",IF(AND(E111="",F111=""),INDEX(Mal!I$9:I$431,(COUNT($H$108:$H111)-COUNTIF($V$108:$V111,"")),0),"")) -> #N/A | X111: =IF($E111="",IF(INDEX(Mal!J$9:J$431,COUNTIF($E$108:$F110,"")-COUNT($H$108:$H110)+1,0)=X110,"",INDEX(Mal!J$9:J$431,COUNTIF($E$108:$F110,"")-COUNT($H$108:$H110)+1,0)),"") -> #N/A | Y111: =IF(AND(Y110="",$H111=$H110),"",IF(VLOOKUP($H111,Mal!$A$9:$T$431,20,0)='Sales Orders'!Y110,"",VLOOKUP($H111,Mal!$A$9:$T$431,20,0))) -> #N/A | Z111: =IF(F111="","",IF(D111="",0,1)) -> #N/A
A112: =IFERROR(IF(VLOOKUP(H112,Mal!$A$9:$A$431,1,0),"","END"),"END") -> END | B112: =IF($E112="",IF(INDEX(Mal!$D$9:$D$431,COUNTIF($E$108:$F111,"")-COUNT($H$108:$H111)+1,0)=B111,"",INDEX(Mal!$D$9:$D$431,COUNTIF($E$108:$F111,"")-COUNT($H$108:$H111)+1,0)),"") -> #N/A | C112: =D112 -> #N/A | D112: =IF($E112="",IF(INDEX(Mal!$F$9:$F$431,COUNTIF($E$108:$F111,"")-COUNT($H$108:$H111)+1,0)=D111,"",INDEX(Mal!$F$9:$F$431,COUNTIF($E$108:$F111,"")-COUNT($H$108:$H111)+1,0)),"") -> #N/A | E112: =IF(AND(E111="",$H112=$H111),"",IF(VLOOKUP(H112,Mal!$A$9:$B$431,2,0)='Sales Orders'!E111,"",VLOOKUP($H112,Mal!$A$9:$B$431,2,0))) -> #N/A | F112: =IF($E112="",IF(INDEX(Mal!$C$9:$C$431,COUNTIF($E$108:$F111,"")-COUNT($H$108:$H111)+1,0)=F111,"",INDEX(Mal!$C$9:$C$431,COUNTIF($E$108:$F111,"")-COUNT($H$108:$H111)+1,0)),"") -> #N/A | G112: =IF(H112=H111,IF(F112="",G111,G111+1),0) -> #N/A | H112: =IF(COUNTIF(Mal!$A$9:$A$431,'Sales Orders'!H111)+COUNTIFS(Mal!$A$9:$A$431,H111,Mal!$B$9:$B$431,"<>")+COUNTIFS(Mal!$A$9:$A$431,H111,Mal!$C$9:$C$431,"<>")=COUNTIF('Sales Orders'!$H$108:H111,'Sales Orders'!H111),'Sales Orders'!H111+1,'Sales Orders'!H111) -> 2 | I112: =IF(E112="","",IF(Mal!$C$5="","",Mal!$C$5)) -> #N/A | J112: =IF(AND(J111="",$H112=$H111),"",IF(VLOOKUP($H112,Mal!$A$9:$H$431,7,0)='Sales Orders'!J111,"",VLOOKUP($H112,Mal!$A$9:$H$431,7,0))) -> #N/A | K112: =IF(AND(K111="",$H112=$H111),"",IF(VLOOKUP($H112,Mal!$A$9:$H$431,8,0)='Sales Orders'!K111,"",VLOOKUP($H112,Mal!$A$9:$H$431,8,0))) -> #N/A | L112: =IF(E112="","",IF(Mal!$C$6="","",Mal!$C$6)) -> #N/A | M112: =IF($E112="",IF(INDEX(Mal!K$9:K$431,COUNTIF($E$108:$F111,"")-COUNT($H$108:$H111)+1,0)=M111,"",INDEX(Mal!K$9:K$431,COUNTIF($E$108:$F111,"")-COUNT($H$108:$H111)+1,0)),"") -> #N/A | N112: =IF($E112="",IF(INDEX(Mal!L$9:L$431,COUNTIF($E$108:$F111,"")-COUNT($H$108:$H111)+1,0)=N111,"",INDEX(Mal!L$9:L$431,COUNTIF($E$108:$F111,"")-COUNT($H$108:$H111)+1,0)),"") -> #N/A | O112: =IF($E112="",IF(INDEX(Mal!M$9:M$431,COUNTIF($E$108:$F111,"")-COUNT($H$108:$H111)+1,0)=O111,"",INDEX(Mal!M$9:M$431,COUNTIF($E$108:$F111,"")-COUNT($H$108:$H111)+1,0)),"") -> #N/A | P112: =IF($E112="",IF(INDEX(Mal!N$9:N$431,COUNTIF($E$108:$F111,"")-COUNT($H$108:$H111)+1,0)=P111,"",INDEX(Mal!N$9:N$431,COUNTIF($E$108:$F111,"")-COUNT($H$108:$H111)+1,0)),"") -> #N/A | Q112: =IF($E112="",IF(INDEX(Mal!O$9:O$431,COUNTIF($E$108:$F111,"")-COUNT($H$108:$H111)+1,0)=Q111,"",INDEX(Mal!O$9:O$431,COUNTIF($E$108:$F111,"")-COUNT($H$108:$H111)+1,0)),"") -> #N/A | R112: =IF($E112="",IF(INDEX(Mal!P$9:P$431,COUNTIF($E$108:$F111,"")-COUNT($H$108:$H111)+1,0)=R111,"",INDEX(Mal!P$9:P$431,COUNTIF($E$108:$F111,"")-COUNT($H$108:$H111)+1,0)),"") -> #N/A | S112: =IF($E112="",IF(INDEX(Mal!Q$9:Q$431,COUNTIF($E$108:$F111,"")-COUNT($H$108:$H111)+1,0)=S111,"",INDEX(Mal!Q$9:Q$431,COUNTIF($E$108:$F111,"")-COUNT($H$108:$H111)+1,0)),"") -> #N/A | T112: =IF($E112="",IF(INDEX(Mal!R$9:R$431,COUNTIF($E$108:$F111,"")-COUNT($H$108:$H111)+1,0)=T111,"",INDEX(Mal!R$9:R$431,COUNTIF($E$108:$F111,"")-COUNT($H$108:$H111)+1,0)),"") -> #N/A | U112: =IF($E112="",IF(INDEX(Mal!S$9:S$431,COUNTIF($E$108:$F111,"")-COUNT($H$108:$H111)+1,0)=U111,"",INDEX(Mal!S$9:S$431,COUNTIF($E$108:$F111,"")-COUNT($H$108:$H111)+1,0)),"") -> #N/A | V112: =IF(E112="",IF(F112="",IF(F111="",V111+1,1),""),"") -> #N/A | W112: =IF(IF(AND(E112="",F112=""),INDEX(Mal!I$9:I$431,(COUNT($H$108:$H112)-COUNTIF($V$108:$V112,"")),0),"")="","",IF(AND(E112="",F112=""),INDEX(Mal!I$9:I$431,(COUNT($H$108:$H112)-COUNTIF($V$108:$V112,"")),0),"")) -> #N/A | X112: =IF($E112="",IF(INDEX(Mal!J$9:J$431,COUNTIF($E$108:$F111,"")-COUNT($H$108:$H111)+1,0)=X111,"",INDEX(Mal!J$9:J$431,COUNTIF($E$108:$F111,"")-COUNT($H$108:$H111)+1,0)),"") -> #N/A | Y112: =IF(AND(Y111="",$H112=$H111),"",IF(VLOOKUP($H112,Mal!$A$9:$T$431,20,0)='Sales Orders'!Y111,"",VLOOKUP($H112,Mal!$A$9:$T$431,20,0))) -> #N/A | Z112: =IF(F112="","",IF(D112="",0,1)) -> #N/A
A113: =IFERROR(IF(VLOOKUP(H113,Mal!$A$9:$A$431,1,0),"","END"),"END") -> END | B113: =IF($E113="",IF(INDEX(Mal!$D$9:$D$431,COUNTIF($E$108:$F112,"")-COUNT($H$108:$H112)+1,0)=B112,"",INDEX(Mal!$D$9:$D$431,COUNTIF($E$108:$F112,"")-COUNT($H$108:$H112)+1,0)),"") -> #N/A | C113: =D113 -> #N/A | D113: =IF($E113="",IF(INDEX(Mal!$F$9:$F$431,COUNTIF($E$108:$F112,"")-COUNT($H$108:$H112)+1,0)=D112,"",INDEX(Mal!$F$9:$F$431,COUNTIF($E$108:$F112,"")-COUNT($H$108:$H112)+1,0)),"") -> #N/A | E113: =IF(AND(E112="",$H113=$H112),"",IF(VLOOKUP(H113,Mal!$A$9:$B$431,2,0)='Sales Orders'!E112,"",VLOOKUP($H113,Mal!$A$9:$B$431,2,0))) -> #N/A | F113: =IF($E113="",IF(INDEX(Mal!$C$9:$C$431,COUNTIF($E$108:$F112,"")-COUNT($H$108:$H112)+1,0)=F112,"",INDEX(Mal!$C$9:$C$431,COUNTIF($E$108:$F112,"")-COUNT($H$108:$H112)+1,0)),"") -> #N/A | G113: =IF(H113=H112,IF(F113="",G112,G112+1),0) -> #N/A | H113: =IF(COUNTIF(Mal!$A$9:$A$431,'Sales Orders'!H112)+COUNTIFS(Mal!$A$9:$A$431,H112,Mal!$B$9:$B$431,"<>")+COUNTIFS(Mal!$A$9:$A$431,H112,Mal!$C$9:$C$431,"<>")=COUNTIF('Sales Orders'!$H$108:H112,'Sales Orders'!H112),'Sales Orders'!H112+1,'Sales Orders'!H112) -> 2 | I113: =IF(E113="","",IF(Mal!$C$5="","",Mal!$C$5)) -> #N/A | J113: =IF(AND(J112="",$H113=$H112),"",IF(VLOOKUP($H113,Mal!$A$9:$H$431,7,0)='Sales Orders'!J112,"",VLOOKUP($H113,Mal!$A$9:$H$431,7,0))) -> #N/A | K113: =IF(AND(K112="",$H113=$H112),"",IF(VLOOKUP($H113,Mal!$A$9:$H$431,8,0)='Sales Orders'!K112,"",VLOOKUP($H113,Mal!$A$9:$H$431,8,0))) -> #N/A | L113: =IF(E113="","",IF(Mal!$C$6="","",Mal!$C$6)) -> #N/A | M113: =IF($E113="",IF(INDEX(Mal!K$9:K$431,COUNTIF($E$108:$F112,"")-COUNT($H$108:$H112)+1,0)=M112,"",INDEX(Mal!K$9:K$431,COUNTIF($E$108:$F112,"")-COUNT($H$108:$H112)+1,0)),"") -> #N/A | N113: =IF($E113="",IF(INDEX(Mal!L$9:L$431,COUNTIF($E$108:$F112,"")-COUNT($H$108:$H112)+1,0)=N112,"",INDEX(Mal!L$9:L$431,COUNTIF($E$108:$F112,"")-COUNT($H$108:$H112)+1,0)),"") -> #N/A | O113: =IF($E113="",IF(INDEX(Mal!M$9:M$431,COUNTIF($E$108:$F112,"")-COUNT($H$108:$H112)+1,0)=O112,"",INDEX(Mal!M$9:M$431,COUNTIF($E$108:$F112,"")-COUNT($H$108:$H112)+1,0)),"") -> #N/A | P113: =IF($E113="",IF(INDEX(Mal!N$9:N$431,COUNTIF($E$108:$F112,"")-COUNT($H$108:$H112)+1,0)=P112,"",INDEX(Mal!N$9:N$431,COUNTIF($E$108:$F112,"")-COUNT($H$108:$H112)+1,0)),"") -> #N/A | Q113: =IF($E113="",IF(INDEX(Mal!O$9:O$431,COUNTIF($E$108:$F112,"")-COUNT($H$108:$H112)+1,0)=Q112,"",INDEX(Mal!O$9:O$431,COUNTIF($E$108:$F112,"")-COUNT($H$108:$H112)+1,0)),"") -> #N/A | R113: =IF($E113="",IF(INDEX(Mal!P$9:P$431,COUNTIF($E$108:$F112,"")-COUNT($H$108:$H112)+1,0)=R112,"",INDEX(Mal!P$9:P$431,COUNTIF($E$108:$F112,"")-COUNT($H$108:$H112)+1,0)),"") -> #N/A | S113: =IF($E113="",IF(INDEX(Mal!Q$9:Q$431,COUNTIF($E$108:$F112,"")-COUNT($H$108:$H112)+1,0)=S112,"",INDEX(Mal!Q$9:Q$431,COUNTIF($E$108:$F112,"")-COUNT($H$108:$H112)+1,0)),"") -> #N/A | T113: =IF($E113="",IF(INDEX(Mal!R$9:R$431,COUNTIF($E$108:$F112,"")-COUNT($H$108:$H112)+1,0)=T112,"",INDEX(Mal!R$9:R$431,COUNTIF($E$108:$F112,"")-COUNT($H$108:$H112)+1,0)),"") -> #N/A | U113: =IF($E113="",IF(INDEX(Mal!S$9:S$431,COUNTIF($E$108:$F112,"")-COUNT($H$108:$H112)+1,0)=U112,"",INDEX(Mal!S$9:S$431,COUNTIF($E$108:$F112,"")-COUNT($H$108:$H112)+1,0)),"") -> #N/A | V113: =IF(E113="",IF(F113="",IF(F112="",V112+1,1),""),"") -> #N/A | W113: =IF(IF(AND(E113="",F113=""),INDEX(Mal!I$9:I$431,(COUNT($H$108:$H113)-COUNTIF($V$108:$V113,"")),0),"")="","",IF(AND(E113="",F113=""),INDEX(Mal!I$9:I$431,(COUNT($H$108:$H113)-COUNTIF($V$108:$V113,"")),0),"")) -> #N/A | X113: =IF($E113="",IF(INDEX(Mal!J$9:J$431,COUNTIF($E$108:$F112,"")-COUNT($H$108:$H112)+1,0)=X112,"",INDEX(Mal!J$9:J$431,COUNTIF($E$108:$F112,"")-COUNT($H$108:$H112)+1,0)),"") -> #N/A | Y113: =IF(AND(Y112="",$H113=$H112),"",IF(VLOOKUP($H113,Mal!$A$9:$T$431,20,0)='Sales Orders'!Y112,"",VLOOKUP($H113,Mal!$A$9:$T$431,20,0))) -> #N/A | Z113: =IF(F113="","",IF(D113="",0,1)) -> #N/A
A114: =IFERROR(IF(VLOOKUP(H114,Mal!$A$9:$A$431,1,0),"","END"),"END") -> END | B114: =IF($E114="",IF(INDEX(Mal!$D$9:$D$431,COUNTIF($E$108:$F113,"")-COUNT($H$108:$H113)+1,0)=B113,"",INDEX(Mal!$D$9:$D$431,COUNTIF($E$108:$F113,"")-COUNT($H$108:$H113)+1,0)),"") -> #N/A | C114: =D114 -> #N/A | D114: =IF($E114="",IF(INDEX(Mal!$F$9:$F$431,COUNTIF($E$108:$F113,"")-COUNT($H$108:$H113)+1,0)=D113,"",INDEX(Mal!$F$9:$F$431,COUNTIF($E$108:$F113,"")-COUNT($H$108:$H113)+1,0)),"") -> #N/A | E114: =IF(AND(E113="",$H114=$H113),"",IF(VLOOKUP(H114,Mal!$A$9:$B$431,2,0)='Sales Orders'!E113,"",VLOOKUP($H114,Mal!$A$9:$B$431,2,0))) -> #N/A | F114: =IF($E114="",IF(INDEX(Mal!$C$9:$C$431,COUNTIF($E$108:$F113,"")-COUNT($H$108:$H113)+1,0)=F113,"",INDEX(Mal!$C$9:$C$431,COUNTIF($E$108:$F113,"")-COUNT($H$108:$H113)+1,0)),"") -> #N/A | G114: =IF(H114=H113,IF(F114="",G113,G113+1),0) -> #N/A | H114: =IF(COUNTIF(Mal!$A$9:$A$431,'Sales Orders'!H113)+COUNTIFS(Mal!$A$9:$A$431,H113,Mal!$B$9:$B$431,"<>")+COUNTIFS(Mal!$A$9:$A$431,H113,Mal!$C$9:$C$431,"<>")=COUNTIF('Sales Orders'!$H$108:H113,'Sales Orders'!H113),'Sales Orders'!H113+1,'Sales Orders'!H113) -> 2 | I114: =IF(E114="","",IF(Mal!$C$5="","",Mal!$C$5)) -> #N/A | J114: =IF(AND(J113="",$H114=$H113),"",IF(VLOOKUP($H114,Mal!$A$9:$H$431,7,0)='Sales Orders'!J113,"",VLOOKUP($H114,Mal!$A$9:$H$431,7,0))) -> #N/A | K114: =IF(AND(K113="",$H114=$H113),"",IF(VLOOKUP($H114,Mal!$A$9:$H$431,8,0)='Sales Orders'!K113,"",VLOOKUP($H114,Mal!$A$9:$H$431,8,0))) -> #N/A | L114: =IF(E114="","",IF(Mal!$C$6="","",Mal!$C$6)) -> #N/A | M114: =IF($E114="",IF(INDEX(Mal!K$9:K$431,COUNTIF($E$108:$F113,"")-COUNT($H$108:$H113)+1,0)=M113,"",INDEX(Mal!K$9:K$431,COUNTIF($E$108:$F113,"")-COUNT($H$108:$H113)+1,0)),"") -> #N/A | N114: =IF($E114="",IF(INDEX(Mal!L$9:L$431,COUNTIF($E$108:$F113,"")-COUNT($H$108:$H113)+1,0)=N113,"",INDEX(Mal!L$9:L$431,COUNTIF($E$108:$F113,"")-COUNT($H$108:$H113)+1,0)),"") -> #N/A | O114: =IF($E114="",IF(INDEX(Mal!M$9:M$431,COUNTIF($E$108:$F113,"")-COUNT($H$108:$H113)+1,0)=O113,"",INDEX(Mal!M$9:M$431,COUNTIF($E$108:$F113,"")-COUNT($H$108:$H113)+1,0)),"") -> #N/A | P114: =IF($E114="",IF(INDEX(Mal!N$9:N$431,COUNTIF($E$108:$F113,"")-COUNT($H$108:$H113)+1,0)=P113,"",INDEX(Mal!N$9:N$431,COUNTIF($E$108:$F113,"")-COUNT($H$108:$H113)+1,0)),"") -> #N/A | Q114: =IF($E114="",IF(INDEX(Mal!O$9:O$431,COUNTIF($E$108:$F113,"")-COUNT($H$108:$H113)+1,0)=Q113,"",INDEX(Mal!O$9:O$431,COUNTIF($E$108:$F113,"")-COUNT($H$108:$H113)+1,0)),"") -> #N/A | R114: =IF($E114="",IF(INDEX(Mal!P$9:P$431,COUNTIF($E$108:$F113,"")-COUNT($H$108:$H113)+1,0)=R113,"",INDEX(Mal!P$9:P$431,COUNTIF($E$108:$F113,"")-COUNT($H$108:$H113)+1,0)),"") -> #N/A | S114: =IF($E114="",IF(INDEX(Mal!Q$9:Q$431,COUNTIF($E$108:$F113,"")-COUNT($H$108:$H113)+1,0)=S113,"",INDEX(Mal!Q$9:Q$431,COUNTIF($E$108:$F113,"")-COUNT($H$108:$H113)+1,0)),"") -> #N/A | T114: =IF($E114="",IF(INDEX(Mal!R$9:R$431,COUNTIF($E$108:$F113,"")-COUNT($H$108:$H113)+1,0)=T113,"",INDEX(Mal!R$9:R$431,COUNTIF($E$108:$F113,"")-COUNT($H$108:$H113)+1,0)),"") -> #N/A | U114: =IF($E114="",IF(INDEX(Mal!S$9:S$431,COUNTIF($E$108:$F113,"")-COUNT($H$108:$H113)+1,0)=U113,"",INDEX(Mal!S$9:S$431,COUNTIF($E$108:$F113,"")-COUNT($H$108:$H113)+1,0)),"") -> #N/A | V114: =IF(E114="",IF(F114="",IF(F113="",V113+1,1),""),"") -> #N/A | W114: =IF(IF(AND(E114="",F114=""),INDEX(Mal!I$9:I$431,(COUNT($H$108:$H114)-COUNTIF($V$108:$V114,"")),0),"")="","",IF(AND(E114="",F114=""),INDEX(Mal!I$9:I$431,(COUNT($H$108:$H114)-COUNTIF($V$108:$V114,"")),0),"")) -> #N/A | X114: =IF($E114="",IF(INDEX(Mal!J$9:J$431,COUNTIF($E$108:$F113,"")-COUNT($H$108:$H113)+1,0)=X113,"",INDEX(Mal!J$9:J$431,COUNTIF($E$108:$F113,"")-COUNT($H$108:$H113)+1,0)),"") -> #N/A | Y114: =IF(AND(Y113="",$H114=$H113),"",IF(VLOOKUP($H114,Mal!$A$9:$T$431,20,0)='Sales Orders'!Y113,"",VLOOKUP($H114,Mal!$A$9:$T$431,20,0))) -> #N/A | Z114: =IF(F114="","",IF(D114="",0,1)) -> #N/A
A115: =IFERROR(IF(VLOOKUP(H115,Mal!$A$9:$A$431,1,0),"","END"),"END") -> END | B115: =IF($E115="",IF(INDEX(Mal!$D$9:$D$431,COUNTIF($E$108:$F114,"")-COUNT($H$108:$H114)+1,0)=B114,"",INDEX(Mal!$D$9:$D$431,COUNTIF($E$108:$F114,"")-COUNT($H$108:$H114)+1,0)),"") -> #N/A | C115: =D115 -> #N/A | D115: =IF($E115="",IF(INDEX(Mal!$F$9:$F$431,COUNTIF($E$108:$F114,"")-COUNT($H$108:$H114)+1,0)=D114,"",INDEX(Mal!$F$9:$F$431,COUNTIF($E$108:$F114,"")-COUNT($H$108:$H114)+1,0)),"") -> #N/A | E115: =IF(AND(E114="",$H115=$H114),"",IF(VLOOKUP(H115,Mal!$A$9:$B$431,2,0)='Sales Orders'!E114,"",VLOOKUP($H115,Mal!$A$9:$B$431,2,0))) -> #N/A | F115: =IF($E115="",IF(INDEX(Mal!$C$9:$C$431,COUNTIF($E$108:$F114,"")-COUNT($H$108:$H114)+1,0)=F114,"",INDEX(Mal!$C$9:$C$431,COUNTIF($E$108:$F114,"")-COUNT($H$108:$H114)+1,0)),"") -> #N/A | G115: =IF(H115=H114,IF(F115="",G114,G114+1),0) -> #N/A | H115: =IF(COUNTIF(Mal!$A$9:$A$431,'Sales Orders'!H114)+COUNTIFS(Mal!$A$9:$A$431,H114,Mal!$B$9:$B$431,"<>")+COUNTIFS(Mal!$A$9:$A$431,H114,Mal!$C$9:$C$431,"<>")=COUNTIF('Sales Orders'!$H$108:H114,'Sales Orders'!H114),'Sales Orders'!H114+1,'Sales Orders'!H114) -> 2 | I115: =IF(E115="","",IF(Mal!$C$5="","",Mal!$C$5)) -> #N/A | J115: =IF(AND(J114="",$H115=$H114),"",IF(VLOOKUP($H115,Mal!$A$9:$H$431,7,0)='Sales Orders'!J114,"",VLOOKUP($H115,Mal!$A$9:$H$431,7,0))) -> #N/A | K115: =IF(AND(K114="",$H115=$H114),"",IF(VLOOKUP($H115,Mal!$A$9:$H$431,8,0)='Sales Orders'!K114,"",VLOOKUP($H115,Mal!$A$9:$H$431,8,0))) -> #N/A | L115: =IF(E115="","",IF(Mal!$C$6="","",Mal!$C$6)) -> #N/A | M115: =IF($E115="",IF(INDEX(Mal!K$9:K$431,COUNTIF($E$108:$F114,"")-COUNT($H$108:$H114)+1,0)=M114,"",INDEX(Mal!K$9:K$431,COUNTIF($E$108:$F114,"")-COUNT($H$108:$H114)+1,0)),"") -> #N/A | N115: =IF($E115="",IF(INDEX(Mal!L$9:L$431,COUNTIF($E$108:$F114,"")-COUNT($H$108:$H114)+1,0)=N114,"",INDEX(Mal!L$9:L$431,COUNTIF($E$108:$F114,"")-COUNT($H$108:$H114)+1,0)),"") -> #N/A | O115: =IF($E115="",IF(INDEX(Mal!M$9:M$431,COUNTIF($E$108:$F114,"")-COUNT($H$108:$H114)+1,0)=O114,"",INDEX(Mal!M$9:M$431,COUNTIF($E$108:$F114,"")-COUNT($H$108:$H114)+1,0)),"") -> #N/A | P115: =IF($E115="",IF(INDEX(Mal!N$9:N$431,COUNTIF($E$108:$F114,"")-COUNT($H$108:$H114)+1,0)=P114,"",INDEX(Mal!N$9:N$431,COUNTIF($E$108:$F114,"")-COUNT($H$108:$H114)+1,0)),"") -> #N/A | Q115: =IF($E115="",IF(INDEX(Mal!O$9:O$431,COUNTIF($E$108:$F114,"")-COUNT($H$108:$H114)+1,0)=Q114,"",INDEX(Mal!O$9:O$431,COUNTIF($E$108:$F114,"")-COUNT($H$108:$H114)+1,0)),"") -> #N/A | R115: =IF($E115="",IF(INDEX(Mal!P$9:P$431,COUNTIF($E$108:$F114,"")-COUNT($H$108:$H114)+1,0)=R114,"",INDEX(Mal!P$9:P$431,COUNTIF($E$108:$F114,"")-COUNT($H$108:$H114)+1,0)),"") -> #N/A | S115: =IF($E115="",IF(INDEX(Mal!Q$9:Q$431,COUNTIF($E$108:$F114,"")-COUNT($H$108:$H114)+1,0)=S114,"",INDEX(Mal!Q$9:Q$431,COUNTIF($E$108:$F114,"")-COUNT($H$108:$H114)+1,0)),"") -> #N/A | T115: =IF($E115="",IF(INDEX(Mal!R$9:R$431,COUNTIF($E$108:$F114,"")-COUNT($H$108:$H114)+1,0)=T114,"",INDEX(Mal!R$9:R$431,COUNTIF($E$108:$F114,"")-COUNT($H$108:$H114)+1,0)),"") -> #N/A | U115: =IF($E115="",IF(INDEX(Mal!S$9:S$431,COUNTIF($E$108:$F114,"")-COUNT($H$108:$H114)+1,0)=U114,"",INDEX(Mal!S$9:S$431,COUNTIF($E$108:$F114,"")-COUNT($H$108:$H114)+1,0)),"") -> #N/A | V115: =IF(E115="",IF(F115="",IF(F114="",V114+1,1),""),"") -> #N/A | W115: =IF(IF(AND(E115="",F115=""),INDEX(Mal!I$9:I$431,(COUNT($H$108:$H115)-COUNTIF($V$108:$V115,"")),0),"")="","",IF(AND(E115="",F115=""),INDEX(Mal!I$9:I$431,(COUNT($H$108:$H115)-COUNTIF($V$108:$V115,"")),0),"")) -> #N/A | X115: =IF($E115="",IF(INDEX(Mal!J$9:J$431,COUNTIF($E$108:$F114,"")-COUNT($H$108:$H114)+1,0)=X114,"",INDEX(Mal!J$9:J$431,COUNTIF($E$108:$F114,"")-COUNT($H$108:$H114)+1,0)),"") -> #N/A | Y115: =IF(AND(Y114="",$H115=$H114),"",IF(VLOOKUP($H115,Mal!$A$9:$T$431,20,0)='Sales Orders'!Y114,"",VLOOKUP($H115,Mal!$A$9:$T$431,20,0))) -> #N/A | Z115: =IF(F115="","",IF(D115="",0,1)) -> #N/A
A116: =IFERROR(IF(VLOOKUP(H116,Mal!$A$9:$A$431,1,0),"","END"),"END") -> END | B116: =IF($E116="",IF(INDEX(Mal!$D$9:$D$431,COUNTIF($E$108:$F115,"")-COUNT($H$108:$H115)+1,0)=B115,"",INDEX(Mal!$D$9:$D$431,COUNTIF($E$108:$F115,"")-COUNT($H$108:$H115)+1,0)),"") -> #N/A | C116: =D116 -> #N/A | D116: =IF($E116="",IF(INDEX(Mal!$F$9:$F$431,COUNTIF($E$108:$F115,"")-COUNT($H$108:$H115)+1,0)=D115,"",INDEX(Mal!$F$9:$F$431,COUNTIF($E$108:$F115,"")-COUNT($H$108:$H115)+1,0)),"") -> #N/A | E116: =IF(AND(E115="",$H116=$H115),"",IF(VLOOKUP(H116,Mal!$A$9:$B$431,2,0)='Sales Orders'!E115,"",VLOOKUP($H116,Mal!$A$9:$B$431,2,0))) -> #N/A | F116: =IF($E116="",IF(INDEX(Mal!$C$9:$C$431,COUNTIF($E$108:$F115,"")-COUNT($H$108:$H115)+1,0)=F115,"",INDEX(Mal!$C$9:$C$431,COUNTIF($E$108:$F115,"")-COUNT($H$108:$H115)+1,0)),"") -> #N/A | G116: =IF(H116=H115,IF(F116="",G115,G115+1),0) -> #N/A | H116: =IF(COUNTIF(Mal!$A$9:$A$431,'Sales Orders'!H115)+COUNTIFS(Mal!$A$9:$A$431,H115,Mal!$B$9:$B$431,"<>")+COUNTIFS(Mal!$A$9:$A$431,H115,Mal!$C$9:$C$431,"<>")=COUNTIF('Sales Orders'!$H$108:H115,'Sales Orders'!H115),'Sales Orders'!H115+1,'Sales Orders'!H115) -> 2 | I116: =IF(E116="","",IF(Mal!$C$5="","",Mal!$C$5)) -> #N/A | J116: =IF(AND(J115="",$H116=$H115),"",IF(VLOOKUP($H116,Mal!$A$9:$H$431,7,0)='Sales Orders'!J115,"",VLOOKUP($H116,Mal!$A$9:$H$431,7,0))) -> #N/A | K116: =IF(AND(K115="",$H116=$H115),"",IF(VLOOKUP($H116,Mal!$A$9:$H$431,8,0)='Sales Orders'!K115,"",VLOOKUP($H116,Mal!$A$9:$H$431,8,0))) -> #N/A | L116: =IF(E116="","",IF(Mal!$C$6="","",Mal!$C$6)) -> #N/A | M116: =IF($E116="",IF(INDEX(Mal!K$9:K$431,COUNTIF($E$108:$F115,"")-COUNT($H$108:$H115)+1,0)=M115,"",INDEX(Mal!K$9:K$431,COUNTIF($E$108:$F115,"")-COUNT($H$108:$H115)+1,0)),"") -> #N/A | N116: =IF($E116="",IF(INDEX(Mal!L$9:L$431,COUNTIF($E$108:$F115,"")-COUNT($H$108:$H115)+1,0)=N115,"",INDEX(Mal!L$9:L$431,COUNTIF($E$108:$F115,"")-COUNT($H$108:$H115)+1,0)),"") -> #N/A | O116: =IF($E116="",IF(INDEX(Mal!M$9:M$431,COUNTIF($E$108:$F115,"")-COUNT($H$108:$H115)+1,0)=O115,"",INDEX(Mal!M$9:M$431,COUNTIF($E$108:$F115,"")-COUNT($H$108:$H115)+1,0)),"") -> #N/A | P116: =IF($E116="",IF(INDEX(Mal!N$9:N$431,COUNTIF($E$108:$F115,"")-COUNT($H$108:$H115)+1,0)=P115,"",INDEX(Mal!N$9:N$431,COUNTIF($E$108:$F115,"")-COUNT($H$108:$H115)+1,0)),"") -> #N/A | Q116: =IF($E116="",IF(INDEX(Mal!O$9:O$431,COUNTIF($E$108:$F115,"")-COUNT($H$108:$H115)+1,0)=Q115,"",INDEX(Mal!O$9:O$431,COUNTIF($E$108:$F115,"")-COUNT($H$108:$H115)+1,0)),"") -> #N/A | R116: =IF($E116="",IF(INDEX(Mal!P$9:P$431,COUNTIF($E$108:$F115,"")-COUNT($H$108:$H115)+1,0)=R115,"",INDEX(Mal!P$9:P$431,COUNTIF($E$108:$F115,"")-COUNT($H$108:$H115)+1,0)),"") -> #N/A | S116: =IF($E116="",IF(INDEX(Mal!Q$9:Q$431,COUNTIF($E$108:$F115,"")-COUNT($H$108:$H115)+1,0)=S115,"",INDEX(Mal!Q$9:Q$431,COUNTIF($E$108:$F115,"")-COUNT($H$108:$H115)+1,0)),"") -> #N/A | T116: =IF($E116="",IF(INDEX(Mal!R$9:R$431,COUNTIF($E$108:$F115,"")-COUNT($H$108:$H115)+1,0)=T115,"",INDEX(Mal!R$9:R$431,COUNTIF($E$108:$F115,"")-COUNT($H$108:$H115)+1,0)),"") -> #N/A | U116: =IF($E116="",IF(INDEX(Mal!S$9:S$431,COUNTIF($E$108:$F115,"")-COUNT($H$108:$H115)+1,0)=U115,"",INDEX(Mal!S$9:S$431,COUNTIF($E$108:$F115,"")-COUNT($H$108:$H115)+1,0)),"") -> #N/A | V116: =IF(E116="",IF(F116="",IF(F115="",V115+1,1),""),"") -> #N/A | W116: =IF(IF(AND(E116="",F116=""),INDEX(Mal!I$9:I$431,(COUNT($H$108:$H116)-COUNTIF($V$108:$V116,"")),0),"")="","",IF(AND(E116="",F116=""),INDEX(Mal!I$9:I$431,(COUNT($H$108:$H116)-COUNTIF($V$108:$V116,"")),0),"")) -> #N/A | X116: =IF($E116="",IF(INDEX(Mal!J$9:J$431,COUNTIF($E$108:$F115,"")-COUNT($H$108:$H115)+1,0)=X115,"",INDEX(Mal!J$9:J$431,COUNTIF($E$108:$F115,"")-COUNT($H$108:$H115)+1,0)),"") -> #N/A | Y116: =IF(AND(Y115="",$H116=$H115),"",IF(VLOOKUP($H116,Mal!$A$9:$T$431,20,0)='Sales Orders'!Y115,"",VLOOKUP($H116,Mal!$A$9:$T$431,20,0))) -> #N/A | Z116: =IF(F116="","",IF(D116="",0,1)) -> #N/A
A117: =IFERROR(IF(VLOOKUP(H117,Mal!$A$9:$A$431,1,0),"","END"),"END") -> END | B117: =IF($E117="",IF(INDEX(Mal!$D$9:$D$431,COUNTIF($E$108:$F116,"")-COUNT($H$108:$H116)+1,0)=B116,"",INDEX(Mal!$D$9:$D$431,COUNTIF($E$108:$F116,"")-COUNT($H$108:$H116)+1,0)),"") -> #N/A | C117: =D117 -> #N/A | D117: =IF($E117="",IF(INDEX(Mal!$F$9:$F$431,COUNTIF($E$108:$F116,"")-COUNT($H$108:$H116)+1,0)=D116,"",INDEX(Mal!$F$9:$F$431,COUNTIF($E$108:$F116,"")-COUNT($H$108:$H116)+1,0)),"") -> #N/A | E117: =IF(AND(E116="",$H117=$H116),"",IF(VLOOKUP(H117,Mal!$A$9:$B$431,2,0)='Sales Orders'!E116,"",VLOOKUP($H117,Mal!$A$9:$B$431,2,0))) -> #N/A | F117: =IF($E117="",IF(INDEX(Mal!$C$9:$C$431,COUNTIF($E$108:$F116,"")-COUNT($H$108:$H116)+1,0)=F116,"",INDEX(Mal!$C$9:$C$431,COUNTIF($E$108:$F116,"")-COUNT($H$108:$H116)+1,0)),"") -> #N/A | G117: =IF(H117=H116,IF(F117="",G116,G116+1),0) -> #N/A | H117: =IF(COUNTIF(Mal!$A$9:$A$431,'Sales Orders'!H116)+COUNTIFS(Mal!$A$9:$A$431,H116,Mal!$B$9:$B$431,"<>")+COUNTIFS(Mal!$A$9:$A$431,H116,Mal!$C$9:$C$431,"<>")=COUNTIF('Sales Orders'!$H$108:H116,'Sales Orders'!H116),'Sales Orders'!H116+1,'Sales Orders'!H116) -> 2 | I117: =IF(E117="","",IF(Mal!$C$5="","",Mal!$C$5)) -> #N/A | J117: =IF(AND(J116="",$H117=$H116),"",IF(VLOOKUP($H117,Mal!$A$9:$H$431,7,0)='Sales Orders'!J116,"",VLOOKUP($H117,Mal!$A$9:$H$431,7,0))) -> #N/A | K117: =IF(AND(K116="",$H117=$H116),"",IF(VLOOKUP($H117,Mal!$A$9:$H$431,8,0)='Sales Orders'!K116,"",VLOOKUP($H117,Mal!$A$9:$H$431,8,0))) -> #N/A | L117: =IF(E117="","",IF(Mal!$C$6="","",Mal!$C$6)) -> #N/A | M117: =IF($E117="",IF(INDEX(Mal!K$9:K$431,COUNTIF($E$108:$F116,"")-COUNT($H$108:$H116)+1,0)=M116,"",INDEX(Mal!K$9:K$431,COUNTIF($E$108:$F116,"")-COUNT($H$108:$H116)+1,0)),"") -> #N/A | N117: =IF($E117="",IF(INDEX(Mal!L$9:L$431,COUNTIF($E$108:$F116,"")-COUNT($H$108:$H116)+1,0)=N116,"",INDEX(Mal!L$9:L$431,COUNTIF($E$108:$F116,"")-COUNT($H$108:$H116)+1,0)),"") -> #N/A | O117: =IF($E117="",IF(INDEX(Mal!M$9:M$431,COUNTIF($E$108:$F116,"")-COUNT($H$108:$H116)+1,0)=O116,"",INDEX(Mal!M$9:M$431,COUNTIF($E$108:$F116,"")-COUNT($H$108:$H116)+1,0)),"") -> #N/A | P117: =IF($E117="",IF(INDEX(Mal!N$9:N$431,COUNTIF($E$108:$F116,"")-COUNT($H$108:$H116)+1,0)=P116,"",INDEX(Mal!N$9:N$431,COUNTIF($E$108:$F116,"")-COUNT($H$108:$H116)+1,0)),"") -> #N/A | Q117: =IF($E117="",IF(INDEX(Mal!O$9:O$431,COUNTIF($E$108:$F116,"")-COUNT($H$108:$H116)+1,0)=Q116,"",INDEX(Mal!O$9:O$431,COUNTIF($E$108:$F116,"")-COUNT($H$108:$H116)+1,0)),"") -> #N/A | R117: =IF($E117="",IF(INDEX(Mal!P$9:P$431,COUNTIF($E$108:$F116,"")-COUNT($H$108:$H116)+1,0)=R116,"",INDEX(Mal!P$9:P$431,COUNTIF($E$108:$F116,"")-COUNT($H$108:$H116)+1,0)),"") -> #N/A | S117: =IF($E117="",IF(INDEX(Mal!Q$9:Q$431,COUNTIF($E$108:$F116,"")-COUNT($H$108:$H116)+1,0)=S116,"",INDEX(Mal!Q$9:Q$431,COUNTIF($E$108:$F116,"")-COUNT($H$108:$H116)+1,0)),"") -> #N/A | T117: =IF($E117="",IF(INDEX(Mal!R$9:R$431,COUNTIF($E$108:$F116,"")-COUNT($H$108:$H116)+1,0)=T116,"",INDEX(Mal!R$9:R$431,COUNTIF($E$108:$F116,"")-COUNT($H$108:$H116)+1,0)),"") -> #N/A | U117: =IF($E117="",IF(INDEX(Mal!S$9:S$431,COUNTIF($E$108:$F116,"")-COUNT($H$108:$H116)+1,0)=U116,"",INDEX(Mal!S$9:S$431,COUNTIF($E$108:$F116,"")-COUNT($H$108:$H116)+1,0)),"") -> #N/A | V117: =IF(E117="",IF(F117="",IF(F116="",V116+1,1),""),"") -> #N/A | W117: =IF(IF(AND(E117="",F117=""),INDEX(Mal!I$9:I$431,(COUNT($H$108:$H117)-COUNTIF($V$108:$V117,"")),0),"")="","",IF(AND(E117="",F117=""),INDEX(Mal!I$9:I$431,(COUNT($H$108:$H117)-COUNTIF($V$108:$V117,"")),0),"")) -> #N/A | X117: =IF($E117="",IF(INDEX(Mal!J$9:J$431,COUNTIF($E$108:$F116,"")-COUNT($H$108:$H116)+1,0)=X116,"",INDEX(Mal!J$9:J$431,COUNTIF($E$108:$F116,"")-COUNT($H$108:$H116)+1,0)),"") -> #N/A | Y117: =IF(AND(Y116="",$H117=$H116),"",IF(VLOOKUP($H117,Mal!$A$9:$T$431,20,0)='Sales Orders'!Y116,"",VLOOKUP($H117,Mal!$A$9:$T$431,20,0))) -> #N/A | Z117: =IF(F117="","",IF(D117="",0,1)) -> #N/A
A118: =IFERROR(IF(VLOOKUP(H118,Mal!$A$9:$A$431,1,0),"","END"),"END") -> END | B118: =IF($E118="",IF(INDEX(Mal!$D$9:$D$431,COUNTIF($E$108:$F117,"")-COUNT($H$108:$H117)+1,0)=B117,"",INDEX(Mal!$D$9:$D$431,COUNTIF($E$108:$F117,"")-COUNT($H$108:$H117)+1,0)),"") -> #N/A | C118: =D118 -> #N/A | D118: =IF($E118="",IF(INDEX(Mal!$F$9:$F$431,COUNTIF($E$108:$F117,"")-COUNT($H$108:$H117)+1,0)=D117,"",INDEX(Mal!$F$9:$F$431,COUNTIF($E$108:$F117,"")-COUNT($H$108:$H117)+1,0)),"") -> #N/A | E118: =IF(AND(E117="",$H118=$H117),"",IF(VLOOKUP(H118,Mal!$A$9:$B$431,2,0)='Sales Orders'!E117,"",VLOOKUP($H118,Mal!$A$9:$B$431,2,0))) -> #N/A | F118: =IF($E118="",IF(INDEX(Mal!$C$9:$C$431,COUNTIF($E$108:$F117,"")-COUNT($H$108:$H117)+1,0)=F117,"",INDEX(Mal!$C$9:$C$431,COUNTIF($E$108:$F117,"")-COUNT($H$108:$H117)+1,0)),"") -> #N/A | G118: =IF(H118=H117,IF(F118="",G117,G117+1),0) -> #N/A | H118: =IF(COUNTIF(Mal!$A$9:$A$431,'Sales Orders'!H117)+COUNTIFS(Mal!$A$9:$A$431,H117,Mal!$B$9:$B$431,"<>")+COUNTIFS(Mal!$A$9:$A$431,H117,Mal!$C$9:$C$431,"<>")=COUNTIF('Sales Orders'!$H$108:H117,'Sales Orders'!H117),'Sales Orders'!H117+1,'Sales Orders'!H117) -> 2 | I118: =IF(E118="","",IF(Mal!$C$5="","",Mal!$C$5)) -> #N/A | J118: =IF(AND(J117="",$H118=$H117),"",IF(VLOOKUP($H118,Mal!$A$9:$H$431,7,0)='Sales Orders'!J117,"",VLOOKUP($H118,Mal!$A$9:$H$431,7,0))) -> #N/A | K118: =IF(AND(K117="",$H118=$H117),"",IF(VLOOKUP($H118,Mal!$A$9:$H$431,8,0)='Sales Orders'!K117,"",VLOOKUP($H118,Mal!$A$9:$H$431,8,0))) -> #N/A | L118: =IF(E118="","",IF(Mal!$C$6="","",Mal!$C$6)) -> #N/A | M118: =IF($E118="",IF(INDEX(Mal!K$9:K$431,COUNTIF($E$108:$F117,"")-COUNT($H$108:$H117)+1,0)=M117,"",INDEX(Mal!K$9:K$431,COUNTIF($E$108:$F117,"")-COUNT($H$108:$H117)+1,0)),"") -> #N/A | N118: =IF($E118="",IF(INDEX(Mal!L$9:L$431,COUNTIF($E$108:$F117,"")-COUNT($H$108:$H117)+1,0)=N117,"",INDEX(Mal!L$9:L$431,COUNTIF($E$108:$F117,"")-COUNT($H$108:$H117)+1,0)),"") -> #N/A | O118: =IF($E118="",IF(INDEX(Mal!M$9:M$431,COUNTIF($E$108:$F117,"")-COUNT($H$108:$H117)+1,0)=O117,"",INDEX(Mal!M$9:M$431,COUNTIF($E$108:$F117,"")-COUNT($H$108:$H117)+1,0)),"") -> #N/A | P118: =IF($E118="",IF(INDEX(Mal!N$9:N$431,COUNTIF($E$108:$F117,"")-COUNT($H$108:$H117)+1,0)=P117,"",INDEX(Mal!N$9:N$431,COUNTIF($E$108:$F117,"")-COUNT($H$108:$H117)+1,0)),"") -> #N/A | Q118: =IF($E118="",IF(INDEX(Mal!O$9:O$431,COUNTIF($E$108:$F117,"")-COUNT($H$108:$H117)+1,0)=Q117,"",INDEX(Mal!O$9:O$431,COUNTIF($E$108:$F117,"")-COUNT($H$108:$H117)+1,0)),"") -> #N/A | R118: =IF($E118="",IF(INDEX(Mal!P$9:P$431,COUNTIF($E$108:$F117,"")-COUNT($H$108:$H117)+1,0)=R117,"",INDEX(Mal!P$9:P$431,COUNTIF($E$108:$F117,"")-COUNT($H$108:$H117)+1,0)),"") -> #N/A | S118: =IF($E118="",IF(INDEX(Mal!Q$9:Q$431,COUNTIF($E$108:$F117,"")-COUNT($H$108:$H117)+1,0)=S117,"",INDEX(Mal!Q$9:Q$431,COUNTIF($E$108:$F117,"")-COUNT($H$108:$H117)+1,0)),"") -> #N/A | T118: =IF($E118="",IF(INDEX(Mal!R$9:R$431,COUNTIF($E$108:$F117,"")-COUNT($H$108:$H117)+1,0)=T117,"",INDEX(Mal!R$9:R$431,COUNTIF($E$108:$F117,"")-COUNT($H$108:$H117)+1,0)),"") -> #N/A | U118: =IF($E118="",IF(INDEX(Mal!S$9:S$431,COUNTIF($E$108:$F117,"")-COUNT($H$108:$H117)+1,0)=U117,"",INDEX(Mal!S$9:S$431,COUNTIF($E$108:$F117,"")-COUNT($H$108:$H117)+1,0)),"") -> #N/A | V118: =IF(E118="",IF(F118="",IF(F117="",V117+1,1),""),"") -> #N/A | W118: =IF(IF(AND(E118="",F118=""),INDEX(Mal!I$9:I$431,(COUNT($H$108:$H118)-COUNTIF($V$108:$V118,"")),0),"")="","",IF(AND(E118="",F118=""),INDEX(Mal!I$9:I$431,(COUNT($H$108:$H118)-COUNTIF($V$108:$V118,"")),0),"")) -> #N/A | X118: =IF($E118="",IF(INDEX(Mal!J$9:J$431,COUNTIF($E$108:$F117,"")-COUNT($H$108:$H117)+1,0)=X117,"",INDEX(Mal!J$9:J$431,COUNTIF($E$108:$F117,"")-COUNT($H$108:$H117)+1,0)),"") -> #N/A | Y118: =IF(AND(Y117="",$H118=$H117),"",IF(VLOOKUP($H118,Mal!$A$9:$T$431,20,0)='Sales Orders'!Y117,"",VLOOKUP($H118,Mal!$A$9:$T$431,20,0))) -> #N/A | Z118: =IF(F118="","",IF(D118="",0,1)) -> #N/A
A119: =IFERROR(IF(VLOOKUP(H119,Mal!$A$9:$A$431,1,0),"","END"),"END") -> END | B119: =IF($E119="",IF(INDEX(Mal!$D$9:$D$431,COUNTIF($E$108:$F118,"")-COUNT($H$108:$H118)+1,0)=B118,"",INDEX(Mal!$D$9:$D$431,COUNTIF($E$108:$F118,"")-COUNT($H$108:$H118)+1,0)),"") -> #N/A | C119: =D119 -> #N/A | D119: =IF($E119="",IF(INDEX(Mal!$F$9:$F$431,COUNTIF($E$108:$F118,"")-COUNT($H$108:$H118)+1,0)=D118,"",INDEX(Mal!$F$9:$F$431,COUNTIF($E$108:$F118,"")-COUNT($H$108:$H118)+1,0)),"") -> #N/A | E119: =IF(AND(E118="",$H119=$H118),"",IF(VLOOKUP(H119,Mal!$A$9:$B$431,2,0)='Sales Orders'!E118,"",VLOOKUP($H119,Mal!$A$9:$B$431,2,0))) -> #N/A | F119: =IF($E119="",IF(INDEX(Mal!$C$9:$C$431,COUNTIF($E$108:$F118,"")-COUNT($H$108:$H118)+1,0)=F118,"",INDEX(Mal!$C$9:$C$431,COUNTIF($E$108:$F118,"")-COUNT($H$108:$H118)+1,0)),"") -> #N/A | G119: =IF(H119=H118,IF(F119="",G118,G118+1),0) -> #N/A | H119: =IF(COUNTIF(Mal!$A$9:$A$431,'Sales Orders'!H118)+COUNTIFS(Mal!$A$9:$A$431,H118,Mal!$B$9:$B$431,"<>")+COUNTIFS(Mal!$A$9:$A$431,H118,Mal!$C$9:$C$431,"<>")=COUNTIF('Sales Orders'!$H$108:H118,'Sales Orders'!H118),'Sales Orders'!H118+1,'Sales Orders'!H118) -> 2 | I119: =IF(E119="","",IF(Mal!$C$5="","",Mal!$C$5)) -> #N/A | J119: =IF(AND(J118="",$H119=$H118),"",IF(VLOOKUP($H119,Mal!$A$9:$H$431,7,0)='Sales Orders'!J118,"",VLOOKUP($H119,Mal!$A$9:$H$431,7,0))) -> #N/A | K119: =IF(AND(K118="",$H119=$H118),"",IF(VLOOKUP($H119,Mal!$A$9:$H$431,8,0)='Sales Orders'!K118,"",VLOOKUP($H119,Mal!$A$9:$H$431,8,0))) -> #N/A | L119: =IF(E119="","",IF(Mal!$C$6="","",Mal!$C$6)) -> #N/A | M119: =IF($E119="",IF(INDEX(Mal!K$9:K$431,COUNTIF($E$108:$F118,"")-COUNT($H$108:$H118)+1,0)=M118,"",INDEX(Mal!K$9:K$431,COUNTIF($E$108:$F118,"")-COUNT($H$108:$H118)+1,0)),"") -> #N/A | N119: =IF($E119="",IF(INDEX(Mal!L$9:L$431,COUNTIF($E$108:$F118,"")-COUNT($H$108:$H118)+1,0)=N118,"",INDEX(Mal!L$9:L$431,COUNTIF($E$108:$F118,"")-COUNT($H$108:$H118)+1,0)),"") -> #N/A | O119: =IF($E119="",IF(INDEX(Mal!M$9:M$431,COUNTIF($E$108:$F118,"")-COUNT($H$108:$H118)+1,0)=O118,"",INDEX(Mal!M$9:M$431,COUNTIF($E$108:$F118,"")-COUNT($H$108:$H118)+1,0)),"") -> #N/A | P119: =IF($E119="",IF(INDEX(Mal!N$9:N$431,COUNTIF($E$108:$F118,"")-COUNT($H$108:$H118)+1,0)=P118,"",INDEX(Mal!N$9:N$431,COUNTIF($E$108:$F118,"")-COUNT($H$108:$H118)+1,0)),"") -> #N/A | Q119: =IF($E119="",IF(INDEX(Mal!O$9:O$431,COUNTIF($E$108:$F118,"")-COUNT($H$108:$H118)+1,0)=Q118,"",INDEX(Mal!O$9:O$431,COUNTIF($E$108:$F118,"")-COUNT($H$108:$H118)+1,0)),"") -> #N/A | R119: =IF($E119="",IF(INDEX(Mal!P$9:P$431,COUNTIF($E$108:$F118,"")-COUNT($H$108:$H118)+1,0)=R118,"",INDEX(Mal!P$9:P$431,COUNTIF($E$108:$F118,"")-COUNT($H$108:$H118)+1,0)),"") -> #N/A | S119: =IF($E119="",IF(INDEX(Mal!Q$9:Q$431,COUNTIF($E$108:$F118,"")-COUNT($H$108:$H118)+1,0)=S118,"",INDEX(Mal!Q$9:Q$431,COUNTIF($E$108:$F118,"")-COUNT($H$108:$H118)+1,0)),"") -> #N/A | T119: =IF($E119="",IF(INDEX(Mal!R$9:R$431,COUNTIF($E$108:$F118,"")-COUNT($H$108:$H118)+1,0)=T118,"",INDEX(Mal!R$9:R$431,COUNTIF($E$108:$F118,"")-COUNT($H$108:$H118)+1,0)),"") -> #N/A | U119: =IF($E119="",IF(INDEX(Mal!S$9:S$431,COUNTIF($E$108:$F118,"")-COUNT($H$108:$H118)+1,0)=U118,"",INDEX(Mal!S$9:S$431,COUNTIF($E$108:$F118,"")-COUNT($H$108:$H118)+1,0)),"") -> #N/A | V119: =IF(E119="",IF(F119="",IF(F118="",V118+1,1),""),"") -> #N/A | W119: =IF(IF(AND(E119="",F119=""),INDEX(Mal!I$9:I$431,(COUNT($H$108:$H119)-COUNTIF($V$108:$V119,"")),0),"")="","",IF(AND(E119="",F119=""),INDEX(Mal!I$9:I$431,(COUNT($H$108:$H119)-COUNTIF($V$108:$V119,"")),0),"")) -> #N/A | X119: =IF($E119="",IF(INDEX(Mal!J$9:J$431,COUNTIF($E$108:$F118,"")-COUNT($H$108:$H118)+1,0)=X118,"",INDEX(Mal!J$9:J$431,COUNTIF($E$108:$F118,"")-COUNT($H$108:$H118)+1,0)),"") -> #N/A | Y119: =IF(AND(Y118="",$H119=$H118),"",IF(VLOOKUP($H119,Mal!$A$9:$T$431,20,0)='Sales Orders'!Y118,"",VLOOKUP($H119,Mal!$A$9:$T$431,20,0))) -> #N/A | Z119: =IF(F119="","",IF(D119="",0,1)) -> #N/A
A120: =IFERROR(IF(VLOOKUP(H120,Mal!$A$9:$A$431,1,0),"","END"),"END") -> END | B120: =IF($E120="",IF(INDEX(Mal!$D$9:$D$431,COUNTIF($E$108:$F119,"")-COUNT($H$108:$H119)+1,0)=B119,"",INDEX(Mal!$D$9:$D$431,COUNTIF($E$108:$F119,"")-COUNT($H$108:$H119)+1,0)),"") -> #N/A | C120: =D120 -> #N/A | D120: =IF($E120="",IF(INDEX(Mal!$F$9:$F$431,COUNTIF($E$108:$F119,"")-COUNT($H$108:$H119)+1,0)=D119,"",INDEX(Mal!$F$9:$F$431,COUNTIF($E$108:$F119,"")-COUNT($H$108:$H119)+1,0)),"") -> #N/A | E120: =IF(AND(E119="",$H120=$H119),"",IF(VLOOKUP(H120,Mal!$A$9:$B$431,2,0)='Sales Orders'!E119,"",VLOOKUP($H120,Mal!$A$9:$B$431,2,0))) -> #N/A | F120: =IF($E120="",IF(INDEX(Mal!$C$9:$C$431,COUNTIF($E$108:$F119,"")-COUNT($H$108:$H119)+1,0)=F119,"",INDEX(Mal!$C$9:$C$431,COUNTIF($E$108:$F119,"")-COUNT($H$108:$H119)+1,0)),"") -> #N/A | G120: =IF(H120=H119,IF(F120="",G119,G119+1),0) -> #N/A | H120: =IF(COUNTIF(Mal!$A$9:$A$431,'Sales Orders'!H119)+COUNTIFS(Mal!$A$9:$A$431,H119,Mal!$B$9:$B$431,"<>")+COUNTIFS(Mal!$A$9:$A$431,H119,Mal!$C$9:$C$431,"<>")=COUNTIF('Sales Orders'!$H$108:H119,'Sales Orders'!H119),'Sales Orders'!H119+1,'Sales Orders'!H119) -> 2 | I120: =IF(E120="","",IF(Mal!$C$5="","",Mal!$C$5)) -> #N/A | J120: =IF(AND(J119="",$H120=$H119),"",IF(VLOOKUP($H120,Mal!$A$9:$H$431,7,0)='Sales Orders'!J119,"",VLOOKUP($H120,Mal!$A$9:$H$431,7,0))) -> #N/A | K120: =IF(AND(K119="",$H120=$H119),"",IF(VLOOKUP($H120,Mal!$A$9:$H$431,8,0)='Sales Orders'!K119,"",VLOOKUP($H120,Mal!$A$9:$H$431,8,0))) -> #N/A | L120: =IF(E120="","",IF(Mal!$C$6="","",Mal!$C$6)) -> #N/A | M120: =IF($E120="",IF(INDEX(Mal!K$9:K$431,COUNTIF($E$108:$F119,"")-COUNT($H$108:$H119)+1,0)=M119,"",INDEX(Mal!K$9:K$431,COUNTIF($E$108:$F119,"")-COUNT($H$108:$H119)+1,0)),"") -> #N/A | N120: =IF($E120="",IF(INDEX(Mal!L$9:L$431,COUNTIF($E$108:$F119,"")-COUNT($H$108:$H119)+1,0)=N119,"",INDEX(Mal!L$9:L$431,COUNTIF($E$108:$F119,"")-COUNT($H$108:$H119)+1,0)),"") -> #N/A | O120: =IF($E120="",IF(INDEX(Mal!M$9:M$431,COUNTIF($E$108:$F119,"")-COUNT($H$108:$H119)+1,0)=O119,"",INDEX(Mal!M$9:M$431,COUNTIF($E$108:$F119,"")-COUNT($H$108:$H119)+1,0)),"") -> #N/A | P120: =IF($E120="",IF(INDEX(Mal!N$9:N$431,COUNTIF($E$108:$F119,"")-COUNT($H$108:$H119)+1,0)=P119,"",INDEX(Mal!N$9:N$431,COUNTIF($E$108:$F119,"")-COUNT($H$108:$H119)+1,0)),"") -> #N/A | Q120: =IF($E120="",IF(INDEX(Mal!O$9:O$431,COUNTIF($E$108:$F119,"")-COUNT($H$108:$H119)+1,0)=Q119,"",INDEX(Mal!O$9:O$431,COUNTIF($E$108:$F119,"")-COUNT($H$108:$H119)+1,0)),"") -> #N/A | R120: =IF($E120="",IF(INDEX(Mal!P$9:P$431,COUNTIF($E$108:$F119,"")-COUNT($H$108:$H119)+1,0)=R119,"",INDEX(Mal!P$9:P$431,COUNTIF($E$108:$F119,"")-COUNT($H$108:$H119)+1,0)),"") -> #N/A | S120: =IF($E120="",IF(INDEX(Mal!Q$9:Q$431,COUNTIF($E$108:$F119,"")-COUNT($H$108:$H119)+1,0)=S119,"",INDEX(Mal!Q$9:Q$431,COUNTIF($E$108:$F119,"")-COUNT($H$108:$H119)+1,0)),"") -> #N/A | T120: =IF($E120="",IF(INDEX(Mal!R$9:R$431,COUNTIF($E$108:$F119,"")-COUNT($H$108:$H119)+1,0)=T119,"",INDEX(Mal!R$9:R$431,COUNTIF($E$108:$F119,"")-COUNT($H$108:$H119)+1,0)),"") -> #N/A | U120: =IF($E120="",IF(INDEX(Mal!S$9:S$431,COUNTIF($E$108:$F119,"")-COUNT($H$108:$H119)+1,0)=U119,"",INDEX(Mal!S$9:S$431,COUNTIF($E$108:$F119,"")-COUNT($H$108:$H119)+1,0)),"") -> #N/A | V120: =IF(E120="",IF(F120="",IF(F119="",V119+1,1),""),"") -> #N/A | W120: =IF(IF(AND(E120="",F120=""),INDEX(Mal!I$9:I$431,(COUNT($H$108:$H120)-COUNTIF($V$108:$V120,"")),0),"")="","",IF(AND(E120="",F120=""),INDEX(Mal!I$9:I$431,(COUNT($H$108:$H120)-COUNTIF($V$108:$V120,"")),0),"")) -> #N/A | X120: =IF($E120="",IF(INDEX(Mal!J$9:J$431,COUNTIF($E$108:$F119,"")-COUNT($H$108:$H119)+1,0)=X119,"",INDEX(Mal!J$9:J$431,COUNTIF($E$108:$F119,"")-COUNT($H$108:$H119)+1,0)),"") -> #N/A | Y120: =IF(AND(Y119="",$H120=$H119),"",IF(VLOOKUP($H120,Mal!$A$9:$T$431,20,0)='Sales Orders'!Y119,"",VLOOKUP($H120,Mal!$A$9:$T$431,20,0))) -> #N/A | Z120: =IF(F120="","",IF(D120="",0,1)) -> #N/A
A121: =IFERROR(IF(VLOOKUP(H121,Mal!$A$9:$A$431,1,0),"","END"),"END") -> END | B121: =IF($E121="",IF(INDEX(Mal!$D$9:$D$431,COUNTIF($E$108:$F120,"")-COUNT($H$108:$H120)+1,0)=B120,"",INDEX(Mal!$D$9:$D$431,COUNTIF($E$108:$F120,"")-COUNT($H$108:$H120)+1,0)),"") -> #N/A | C121: =D121 -> #N/A | D121: =IF($E121="",IF(INDEX(Mal!$F$9:$F$431,COUNTIF($E$108:$F120,"")-COUNT($H$108:$H120)+1,0)=D120,"",INDEX(Mal!$F$9:$F$431,COUNTIF($E$108:$F120,"")-COUNT($H$108:$H120)+1,0)),"") -> #N/A | E121: =IF(AND(E120="",$H121=$H120),"",IF(VLOOKUP(H121,Mal!$A$9:$B$431,2,0)='Sales Orders'!E120,"",VLOOKUP($H121,Mal!$A$9:$B$431,2,0))) -> #N/A | F121: =IF($E121="",IF(INDEX(Mal!$C$9:$C$431,COUNTIF($E$108:$F120,"")-COUNT($H$108:$H120)+1,0)=F120,"",INDEX(Mal!$C$9:$C$431,COUNTIF($E$108:$F120,"")-COUNT($H$108:$H120)+1,0)),"") -> #N/A | G121: =IF(H121=H120,IF(F121="",G120,G120+1),0) -> #N/A | H121: =IF(COUNTIF(Mal!$A$9:$A$431,'Sales Orders'!H120)+COUNTIFS(Mal!$A$9:$A$431,H120,Mal!$B$9:$B$431,"<>")+COUNTIFS(Mal!$A$9:$A$431,H120,Mal!$C$9:$C$431,"<>")=COUNTIF('Sales Orders'!$H$108:H120,'Sales Orders'!H120),'Sales Orders'!H120+1,'Sales Orders'!H120) -> 2 | I121: =IF(E121="","",IF(Mal!$C$5="","",Mal!$C$5)) -> #N/A | J121: =IF(AND(J120="",$H121=$H120),"",IF(VLOOKUP($H121,Mal!$A$9:$H$431,7,0)='Sales Orders'!J120,"",VLOOKUP($H121,Mal!$A$9:$H$431,7,0))) -> #N/A | K121: =IF(AND(K120="",$H121=$H120),"",IF(VLOOKUP($H121,Mal!$A$9:$H$431,8,0)='Sales Orders'!K120,"",VLOOKUP($H121,Mal!$A$9:$H$431,8,0))) -> #N/A | L121: =IF(E121="","",IF(Mal!$C$6="","",Mal!$C$6)) -> #N/A | M121: =IF($E121="",IF(INDEX(Mal!K$9:K$431,COUNTIF($E$108:$F120,"")-COUNT($H$108:$H120)+1,0)=M120,"",INDEX(Mal!K$9:K$431,COUNTIF($E$108:$F120,"")-COUNT($H$108:$H120)+1,0)),"") -> #N/A | N121: =IF($E121="",IF(INDEX(Mal!L$9:L$431,COUNTIF($E$108:$F120,"")-COUNT($H$108:$H120)+1,0)=N120,"",INDEX(Mal!L$9:L$431,COUNTIF($E$108:$F120,"")-COUNT($H$108:$H120)+1,0)),"") -> #N/A | O121: =IF($E121="",IF(INDEX(Mal!M$9:M$431,COUNTIF($E$108:$F120,"")-COUNT($H$108:$H120)+1,0)=O120,"",INDEX(Mal!M$9:M$431,COUNTIF($E$108:$F120,"")-COUNT($H$108:$H120)+1,0)),"") -> #N/A | P121: =IF($E121="",IF(INDEX(Mal!N$9:N$431,COUNTIF($E$108:$F120,"")-COUNT($H$108:$H120)+1,0)=P120,"",INDEX(Mal!N$9:N$431,COUNTIF($E$108:$F120,"")-COUNT($H$108:$H120)+1,0)),"") -> #N/A | Q121: =IF($E121="",IF(INDEX(Mal!O$9:O$431,COUNTIF($E$108:$F120,"")-COUNT($H$108:$H120)+1,0)=Q120,"",INDEX(Mal!O$9:O$431,COUNTIF($E$108:$F120,"")-COUNT($H$108:$H120)+1,0)),"") -> #N/A | R121: =IF($E121="",IF(INDEX(Mal!P$9:P$431,COUNTIF($E$108:$F120,"")-COUNT($H$108:$H120)+1,0)=R120,"",INDEX(Mal!P$9:P$431,COUNTIF($E$108:$F120,"")-COUNT($H$108:$H120)+1,0)),"") -> #N/A | S121: =IF($E121="",IF(INDEX(Mal!Q$9:Q$431,COUNTIF($E$108:$F120,"")-COUNT($H$108:$H120)+1,0)=S120,"",INDEX(Mal!Q$9:Q$431,COUNTIF($E$108:$F120,"")-COUNT($H$108:$H120)+1,0)),"") -> #N/A | T121: =IF($E121="",IF(INDEX(Mal!R$9:R$431,COUNTIF($E$108:$F120,"")-COUNT($H$108:$H120)+1,0)=T120,"",INDEX(Mal!R$9:R$431,COUNTIF($E$108:$F120,"")-COUNT($H$108:$H120)+1,0)),"") -> #N/A | U121: =IF($E121="",IF(INDEX(Mal!S$9:S$431,COUNTIF($E$108:$F120,"")-COUNT($H$108:$H120)+1,0)=U120,"",INDEX(Mal!S$9:S$431,COUNTIF($E$108:$F120,"")-COUNT($H$108:$H120)+1,0)),"") -> #N/A | V121: =IF(E121="",IF(F121="",IF(F120="",V120+1,1),""),"") -> #N/A | W121: =IF(IF(AND(E121="",F121=""),INDEX(Mal!I$9:I$431,(COUNT($H$108:$H121)-COUNTIF($V$108:$V121,"")),0),"")="","",IF(AND(E121="",F121=""),INDEX(Mal!I$9:I$431,(COUNT($H$108:$H121)-COUNTIF($V$108:$V121,"")),0),"")) -> #N/A | X121: =IF($E121="",IF(INDEX(Mal!J$9:J$431,COUNTIF($E$108:$F120,"")-COUNT($H$108:$H120)+1,0)=X120,"",INDEX(Mal!J$9:J$431,COUNTIF($E$108:$F120,"")-COUNT($H$108:$H120)+1,0)),"") -> #N/A | Y121: =IF(AND(Y120="",$H121=$H120),"",IF(VLOOKUP($H121,Mal!$A$9:$T$431,20,0)='Sales Orders'!Y120,"",VLOOKUP($H121,Mal!$A$9:$T$431,20,0))) -> #N/A | Z121: =IF(F121="","",IF(D121="",0,1)) -> #N/A
... A1549: =IFERROR(IF(VLOOKUP(H1549,Mal!$A$9:$A$431,1,0),"","END"),"END") -> END | B1549: =IF($E1549="",IF(INDEX(Mal!$D$9:$D$431,COUNTIF($E$108:$F1548,"")-COUNT($H$108:$H1548)+1,0)=B1548,"",INDEX(Mal!$D$9:$D$431,COUNTIF($E$108:$F1548,"")-COUNT($H$108:$H1548)+1,0)),"") -> #N/A | C1549: =D1549 -> #N/A | D1549: =IF($E1549="",IF(INDEX(Mal!$F$9:$F$431,COUNTIF($E$108:$F1548,"")-COUNT($H$108:$H1548)+1,0)=D1548,"",INDEX(Mal!$F$9:$F$431,COUNTIF($E$108:$F1548,"")-COUNT($H$108:$H1548)+1,0)),"") -> #N/A | E1549: =IF(AND(E1548="",$H1549=$H1548),"",IF(VLOOKUP(H1549,Mal!$A$9:$B$431,2,0)='Sales Orders'!E1548,"",VLOOKUP($H1549,Mal!$A$9:$B$431,2,0))) -> #N/A | F1549: =IF($E1549="",IF(INDEX(Mal!$C$9:$C$431,COUNTIF($E$108:$F1548,"")-COUNT($H$108:$H1548)+1,0)=F1548,"",INDEX(Mal!$C$9:$C$431,COUNTIF($E$108:$F1548,"")-COUNT($H$108:$H1548)+1,0)),"") -> #N/A | G1549: =IF(H1549=H1548,IF(F1549="",G1548,G1548+1),0) -> #N/A | H1549: =IF(COUNTIF(Mal!$A$9:$A$431,'Sales Orders'!H1548)+COUNTIFS(Mal!$A$9:$A$431,H1548,Mal!$B$9:$B$431,"<>")+COUNTIFS(Mal!$A$9:$A$431,H1548,Mal!$C$9:$C$431,"<>")=COUNTIF('Sales Orders'!$H$108:H1548,'Sales Orders'!H1548),'Sales Orders'!H1548+1,'Sales Orders'!H1548) -> 2 | I1549: =IF(E1549="","",IF(Mal!$C$5="","",Mal!$C$5)) -> #N/A | J1549: =IF(AND(J1548="",$H1549=$H1548),"",IF(VLOOKUP($H1549,Mal!$A$9:$H$431,7,0)='Sales Orders'!J1548,"",VLOOKUP($H1549,Mal!$A$9:$H$431,7,0))) -> #N/A | K1549: =IF(AND(K1548="",$H1549=$H1548),"",IF(VLOOKUP($H1549,Mal!$A$9:$H$431,8,0)='Sales Orders'!K1548,"",VLOOKUP($H1549,Mal!$A$9:$H$431,8,0))) -> #N/A | L1549: =IF(E1549="","",IF(Mal!$C$6="","",Mal!$C$6)) -> #N/A | M1549: =IF($E1549="",IF(INDEX(Mal!K$9:K$431,COUNTIF($E$108:$F1548,"")-COUNT($H$108:$H1548)+1,0)=M1548,"",INDEX(Mal!K$9:K$431,COUNTIF($E$108:$F1548,"")-COUNT($H$108:$H1548)+1,0)),"") -> #N/A | N1549: =IF($E1549="",IF(INDEX(Mal!L$9:L$431,COUNTIF($E$108:$F1548,"")-COUNT($H$108:$H1548)+1,0)=N1548,"",INDEX(Mal!L$9:L$431,COUNTIF($E$108:$F1548,"")-COUNT($H$108:$H1548)+1,0)),"") -> #N/A | O1549: =IF($E1549="",IF(INDEX(Mal!M$9:M$431,COUNTIF($E$108:$F1548,"")-COUNT($H$108:$H1548)+1,0)=O1548,"",INDEX(Mal!M$9:M$431,COUNTIF($E$108:$F1548,"")-COUNT($H$108:$H1548)+1,0)),"") -> #N/A | P1549: =IF($E1549="",IF(INDEX(Mal!N$9:N$431,COUNTIF($E$108:$F1548,"")-COUNT($H$108:$H1548)+1,0)=P1548,"",INDEX(Mal!N$9:N$431,COUNTIF($E$108:$F1548,"")-COUNT($H$108:$H1548)+1,0)),"") -> #N/A | Q1549: =IF($E1549="",IF(INDEX(Mal!O$9:O$431,COUNTIF($E$108:$F1548,"")-COUNT($H$108:$H1548)+1,0)=Q1548,"",INDEX(Mal!O$9:O$431,COUNTIF($E$108:$F1548,"")-COUNT($H$108:$H1548)+1,0)),"") -> #N/A | R1549: =IF($E1549="",IF(INDEX(Mal!P$9:P$431,COUNTIF($E$108:$F1548,"")-COUNT($H$108:$H1548)+1,0)=R1548,"",INDEX(Mal!P$9:P$431,COUNTIF($E$108:$F1548,"")-COUNT($H$108:$H1548)+1,0)),"") -> #N/A | S1549: =IF($E1549="",IF(INDEX(Mal!Q$9:Q$431,COUNTIF($E$108:$F1548,"")-COUNT($H$108:$H1548)+1,0)=S1548,"",INDEX(Mal!Q$9:Q$431,COUNTIF($E$108:$F1548,"")-COUNT($H$108:$H1548)+1,0)),"") -> #N/A | T1549: =IF($E1549="",IF(INDEX(Mal!R$9:R$431,COUNTIF($E$108:$F1548,"")-COUNT($H$108:$H1548)+1,0)=T1548,"",INDEX(Mal!R$9:R$431,COUNTIF($E$108:$F1548,"")-COUNT($H$108:$H1548)+1,0)),"") -> #N/A | U1549: =IF($E1549="",IF(INDEX(Mal!S$9:S$431,COUNTIF($E$108:$F1548,"")-COUNT($H$108:$H1548)+1,0)=U1548,"",INDEX(Mal!S$9:S$431,COUNTIF($E$108:$F1548,"")-COUNT($H$108:$H1548)+1,0)),"") -> #N/A | V1549: =IF(E1549="",IF(F1549="",IF(F1548="",V1548+1,1),""),"") -> #N/A | W1549: =IF(IF(AND(E1549="",F1549=""),INDEX(Mal!I$9:I$431,(COUNT($H$108:$H1549)-COUNTIF($V$108:$V1549,"")),0),"")="","",IF(AND(E1549="",F1549=""),INDEX(Mal!I$9:I$431,(COUNT($H$108:$H1549)-COUNTIF($V$108:$V1549,"")),0),"")) -> #N/A | X1549: =IF($E1549="",IF(INDEX(Mal!J$9:J$431,COUNTIF($E$108:$F1548,"")-COUNT($H$108:$H1548)+1,0)=X1548,"",INDEX(Mal!J$9:J$431,COUNTIF($E$108:$F1548,"")-COUNT($H$108:$H1548)+1,0)),"") -> #N/A | Y1549: =IF(AND(Y1548="",$H1549=$H1548),"",IF(VLOOKUP($H1549,Mal!$A$9:$T$431,20,0)='Sales Orders'!Y1548,"",VLOOKUP($H1549,Mal!$A$9:$T$431,20,0))) -> #N/A | Z1549: =IF(F1549="","",IF(D1549="",0,1)) -> #N/A

Sheet _LG04_55
A1: Field Name | B1: Width | C1: Mandatory | D1: Right Justify | E1: Format | F1: Multiplier
A2: account | B2: 25
A3: accountable | B3: 25
A4: address | B4: 160
A5: allocation_key | B5: 2
A6: amount | B6: 20 | D6: Y | E6: 0 | F6: 100
A7: amount_set | B7: 1
A8: apar_id | B8: 25
A9: apar_id_ref | B9: 25
A10: apar_name | B10: 255
A11: art_descr | B11: 255
A12: article | B12: 25
A13: att_1_id | B13: 4
A14: att_2_id | B14: 4
A15: att_3_id | B15: 4
A16: att_4_id | B16: 4
A17: att_5_id | B17: 4
A18: att_6_id | B18: 4
... A20: bank_account | B20: 35
A21: batch_id | B21: 25 | C21: Y
A22: client | B22: 25 | C22: Y
A23: client_ref | B23: 25
A24: confirm_date | B24: 8 | E24: yyyymmdd hh:mm:ss
A25: control | B25: 1
A26: cur_amount | B26: 20 | E26: 0 | F26: 100
A27: currency | B27: 25
A28: det_met_descr | B28: 255
A29: del_term_descr | B29: 255
A30: deliv_addr | B30: 255
A31: deliv_attention | B31: 50
A32: deliv_countr | B32: 25
A33: deliv_date | B33: 8 | E33: yyyymmdd hh:mm:ss
A34: deliv_method | B34: 25
A35: deliv_terms | B35: 25
A36: dim_1 | B36: 25
A37: dim_2 | B37: 25
A38: dim_3 | B38: 25
A39: dim_4 | B39: 25
A40: dim_5 | B40: 25
A41: dim_6 | B41: 25
A42: dim_7 | B42: 25
A43: dim_value_1 | B43: 25
A44: dim_value_2 | B44: 25
A45: dim_value_3 | B45: 25
... A50: discount | B50: 20
A51: disc_percent | B51: 20 | D51: Y | E51: 0 | F51: 100
A52: ean | B52: 50
A53: exch_rate | B53: 20 | D53: Y | E53: 0 | F53: 100
A54: ext_ord_ref | B54: 100
A55: intrule_id | B55: 25
A56: line_no | B56: 4 | C56: Y
A57: location | B57: 12
A58: long_info1 | B58: 120
A59: long_info2 | B59: 120
A60: lot | B60: 10
A61: main_apar_id | B61: 25
A62: mark_attention | B62: 50
A63: mark_ctry_cd | B63: 25
A64: markings | B64: 255
A65: obs_date | B65: 8 | E65: yyyymmdd hh:mm:ss
A66: order_date | B66: 8 | E66: yyyymmdd hh:mm:ss
A67: order_id | B67: 15
A68: order_type | B68: 2
A69: pay_method | B69: 2
A70: pay_temp_id | B70: 4
A71: period | B71: 6
A72: place | B72: 40
A73: province | B73: 40
A74: rel_value | B74: 25
A75: responsible | B75: 25
A76: responsible2 | B76: 25
A77: sequence_no | B77: 8
A78: sequence_ref | B78: 8
... A90: text4 | B90: 100
A91: trans_type | B91: 2 | C91: Y
A92: unit_code | B92: 3
A93: unit_descr | B93: 255
A94: unit_price | B94: 20
A95: value_1 | B95: 20 | D95: Y | E95: 0 | F95: 100
A96: voucher_ref | B96: 15
A97: voucher_type | B97: 25
A98: warehouse | B98: 25
A99: zip_code | B99: 15

Sheet _message
A2: Agresso Batch Input Formatter 5.4.1
A4: Starting WriteFile
A5: Number of rows in worksheet = 106
A6: Reading Column (A)
A7: loading details for file type lg04_541
A8: File Definition Sheet has 97 rows and 6 columns
A9: checking column cur_amount
A10: checking column amount
A11: checking column apar_id
A12: checking column art_descr
A13: checking column article
A14: checking column deliv_addr
... A26: 5 Lines written to file c:\Program Files\Agresso 5.4\Data Import\LG04541SalesOrders.txt (6.084375E-02s)
